Workbook
Name NOME1: #REF!
Name NOME1: #REF!
Name NOME2: #REF!
Name NOME2: #REF!
Name Print_Area: FOTOS!$A$1:$L$53
Name Print_Titles: FOTOS!$1:$4
Name sigla_obras: '[1]Base dados - TCU 2622_2013'!$A$7:$A$14
Name sigla_obras: 'BDI-Dados'!$A$7:$A$14
Name sigla_sn: '[1]Base dados - TCU 2622_2013'!$A$2:$A$3
Name sigla_sn: 'BDI-Dados'!$A$2:$A$3

Sheet MEM
A2: MEMÓRIA DE CÁLCULO | L2: =PLAN!H4 -> DATA: 02/09/26
A3: =PLAN!A4 -> OBRA: SISTEMA DE REGISTRO DE PREÇOS P/ EXECUÇÃO DE SERVIÇOS DIVERSOS DE ENGENHARIA
A4: =PLAN!A5 -> LOCAL: VIAS PÚBLICAS DIVERSAS DO MUNICÍPIO DE SANTA CRUZ DO ESCALVADO (MG)
A5: ITEM | B5: DESCRIÇÃO DOS SERVIÇOS | K5: UNID | L5: TOTAL | M5: =PLAN!I7 -> 1777071.1
A6: =PLAN!A9 -> 1 | B6: =PLAN!C9 -> ADMINISTRAÇÃO LOCAL
A7: =PLAN!A10 -> 1.1 | B7: =PLAN!C10 -> ENCARREGADO GERAL DE OBRAS COM ENCARGOS COMPLEMENTARES | E7: cronograma | J7: (12 meses x 4 semanas x 5 dias x 4 horas) / 220 horas | K7: =PLAN!D10 -> MÊS | L7: =ROUND(M7*4*5*N7/220,2) -> 4.36 | M7: 12 | N7: 4 | O7: =PLAN!J12 -> 0.034531832
A8: =PLAN!A11 -> 1.2 | B8: =PLAN!C11 -> TÉCNICO EM SEGURANÇA DO TRABALHO COM ENCARGOS COMPLEMENTARES | E8: cronograma | J8: (12 meses x 4 semanas x 5 dias x 0,1 horas) / 220 horas | K8: =PLAN!D11 -> MÊS | L8: =ROUND(M7*4*5*N8/220,2) -> 0.11 | N8: 0.1
A9: =PLAN!A12 -> 1.3 | B9: =PLAN!C12 -> ENGENHEIRO CIVIL DE OBRA PLENO COM ENCARGOS COMPLEMENTARES | E9: cronograma | J9: (12 meses x 4 semanas x 5 dias x 0,2 horas) / 220 horas | K9: =PLAN!D12 -> MÊS | L9: =ROUND(M7*4*5*N9/220,2) -> 0.22 | N9: 0.2
A10: =PLAN!A13 -> 2 | B10: =PLAN!C13 -> SERVIÇOS PRELIMINARES | K10: =PLAN!D13 -> 0
A11: =PLAN!A14 -> 2.1 | B11: =PLAN!C14 -> FORNECIMENTO E COLOCAÇÃO DE PLACA DE OBRA EM CHAPA GALVANIZADA #26, ESP. 0,45 MM, PLOTADA COM ADESIVO VINÍLICO, AFIXADA C/ REBITES 4,8X40 MM, EM ESTRUTURA METÁLICA DE METALON 20X20 MM, ESP. 1,25 MM, INCL SUPORTE EM EUCALIPTO AUTOCLAVADO PINTADO COM TINTA PVA DUAS (2) DEMÃOS | E11: área | J11: área = 1,00 x 2,00 | K11: =PLAN!D14 -> M2 | L11: =1*2 -> 2
A12: =PLAN!A15 -> 2.2 | B12: =PLAN!C15 -> MOBILIZAÇÃO E DESMOBILIZAÇÃO OBRA DISTANTE DE CENTRO URBANO COM VALOR ATÉ 1.000.000,00 | E12: estimativa | J12: global | K12: =PLAN!D15 -> % | L12: =PLAN!K15 -> 2
A13: =PLAN!A16 -> 3 | B13: =PLAN!C16 -> SERVIÇOS DIVERSOS | K13: =PLAN!D16 -> 0
A14: =PLAN!A17 -> 3.1 | B14: =PLAN!C17 -> DESLOCAMENTO E TRANSPORTE | K14: =PLAN!D17 -> 0
A15: =PLAN!A18 -> 3.1.1 | B15: =PLAN!C18 -> VEÍCULO TIPO PICAPE LEVE, COM CAPACIDADE PARA CINCO (5) LUGARES, OBEDECIDOS OS SEGUINTES REQUISITOS MÍNIMOS: TER NO MÁXIMO UM (1) ANO DE USO, ATÉ 20.000KM RODADOS, POTÊNCIA MÍNIMA DE 100CV, DIREÇÃO ASSISTIDA, AR CONDICIONADO, DESEMBAÇADOR DE VIDROS, RÁDIO AM/FM, EMPLACADO, COM SEGURO TOTAL (CUSTO FIXO), EXCLUSIVE QUILÔMETRO RODADO (CUSTO VARIÁVEL) | E15: disponibilização de veículo para transporte da equipe de trabalho | J15: cronograma de obra | K15: =PLAN!D18 -> MÊS | L15: =M7 -> 12
A16: =PLAN!A19 -> 3.1.2 | B16: =PLAN!C19 -> VEÍCULO TIPO PICAPE LEVE, COM CAPACIDADE PARA CINCO (5) LUGARES, OBEDECIDOS OS SEGUINTES REQUISITOS MÍNIMOS: TER NO MÁXIMO UM (1) ANO DE USO, ATÉ 20.000KM RODADOS, POTÊNCIA MÍNIMA DE 100CV, DIREÇÃO ASSISTIDA, AR CONDICIONADO, DESEMBAÇADOR DE VIDROS, RÁDIO AM/FM, EMPLACADO, COM SEGURO TOTAL, INCLUSIVE MANUTENÇÃO E COMBUSTÍVEL (CUSTO VARIÁVEL) | E16: distância para transporte da equipe de trabalho até os locais de execução dos serviços | J16: quantidade de serviços estimados x distância por serviço | K16: =PLAN!D19 -> km | L16: =M16*N16 -> 1200 | M16: =12*5 -> 60 | N16: 20
A17: =PLAN!A20 -> 3.2 | B17: =PLAN!C20 -> RECOMPOSIÇÃO DE CALÇAMENTO EXISTENTE | K17: =PLAN!D20 -> 0
A18: =PLAN!A21 -> 3.2.1 | B18: =PLAN!C21 -> REMOÇÃO E REASSENTAMENTO DE CALÇAMENTO EM BLOCO DE CONCRETO INTERTRAVADO OU SEXTAVADO, COM REAPROVEITAMENTO DOS BLOCOS, INCLUSIVE FORNECIMENTO COM APLICAÇÃO E REGULARIZAÇÃO MECANIZADA DE COLCHÃO DE PÓ-DE-PEDRA | E18: área de recomposição = comprimento x largura | J18: área de recomposição | K18: =PLAN!D21 -> M2 | L18: =M18*N18 -> 5000 | M18: 1000 | N18: 5
A19: =PLAN!A22 -> 3.2.2 | B19: =PLAN!C22 -> REMOÇÃO E REASSENTAMENTO DE MEIO FIO PRÉ MOLDADO DE CONCRETO COM REAPROVEITAMENTO | E19: comprimento de meio fio | J19: comprimento | K19: =PLAN!D22 -> M | L19: =M19 -> 50 | M19: 50
A20: =PLAN!A23 -> 3.2.3 | B20: =PLAN!C23 -> PISO INTERTRAVADO (MODELO: SEXTAVADO|DIMENSÕES: (30X30)CM|ESPESSURA: 8CM|RESISTÊNCIA MÍNIMA (FCK): 35MPA|MATERIAL: CONCRETO|PESO DO BLOCO*: 9,7KG|PESO POR ÁREA*: 180KG/M2)*VALORES REFERENCIAIS APROXIMADOS | E20: área de recomposição com bloquetes danificados não passíveis de reutilização | J20: área estimada de 20% do total de área a ser recomposta | K20: =PLAN!D23 -> M2 | L20: =ROUND(L18*0.2,2) -> 1000
A21: =PLAN!A24 -> 3.2.4 | B21: =PLAN!C24 -> RECOMPOSIÇÃO DE BASE | K21: =PLAN!D24 -> 0
A22: =PLAN!A25 -> 3.2.4.1 | B22: =PLAN!C25 -> RETROESCAVADEIRA SOBRE RODAS COM CARREGADEIRA, TRAÇÃO 4X4, POTÊNCIA LÍQ. 88 HP, CAÇAMBA CARREG. CAP. MÍN. 1 M3, CAÇAMBA RETRO CAP. 0,26 M3, PESO OPERACIONAL MÍN. 6.674 KG, PROFUNDIDADE ESCAVAÇÃO MÁX. 4,37 M - CHI DIURNO. AF_06/2014 | E22: estimativa de horas improdutivas | J22: estimativa de horas = no. dias x 2 horas/dia | K22: =PLAN!D25 -> CHI | L22: =M22*N22 -> 48 | M22: =12*2 -> 24 | N22: 2
A23: =PLAN!A26 -> 3.2.4.2 | B23: =PLAN!C26 -> RETROESCAVADEIRA SOBRE RODAS COM CARREGADEIRA, TRAÇÃO 4X4, POTÊNCIA LÍQ. 88 HP, CAÇAMBA CARREG. CAP. MÍN. 1 M3, CAÇAMBA RETRO CAP. 0,26 M3, PESO OPERACIONAL MÍN. 6.674 KG, PROFUNDIDADE ESCAVAÇÃO MÁX. 4,37 M - CHP DIURNO. AF_06/2014 | E23: estimativa de horas produtivas | J23: estimativa de horas = no. dias x 6 horas/dia | K23: =PLAN!D26 -> CHP | L23: =M23*N23 -> 96 | M23: =M22 -> 24 | N23: 4
A24: =PLAN!A27 -> 3.2.4.3 | B24: =PLAN!C27 -> REMOÇÃO MATERIAL C/ TRANSPORTE CAMINHÃO BASCULANTE DE 10 M³, EM VIA URBANA PAVIMENTADA, DMT ATÉ 30 KM (UNID: M3XKM). | E24: volume de material escavado = 30% da área de recomposição calç x 1,00 m espessura x distância 10km | J24: volume de material removido a ser transportado | K24: =PLAN!D27 -> M3xKM | L24: =ROUND(L18*0.3*1*10,2) -> 15000
A25: =PLAN!A28 -> 3.2.4.4 | B25: =PLAN!C28 -> ENROCAMENTO DE PEDRA ESPALHADA E COMPACTADA MECANICAMENTE - PEDRA DE MÃO COMERCIAL - FORNECIMENTO E ASSENTAMENTO | E25: volume = 30% da área recomposição calç x 0,50 m espessura | J25: volume de material | K25: =PLAN!D28 -> M3 | L25: =ROUND(L18*0.5*0.3,2) -> 750
A26: =PLAN!A29 -> 3.2.4.5 | B26: =PLAN!C29 -> Base ou sub base estabilizada granulometricamente com mistura na pista de solo bica corrida (30% 70%), com material de jazida e bica corrida comercial Compactado na energia modificada (Execução, incluído escavação e carga do material de jazida, fornecimento e carga da bica corrida, exclui o transporte) | E26: volume = 30% da área de recomposição calçamento x 0,20 m espessura | J26: volume de material fornecido | K26: =PLAN!D29 -> M3 | L26: =ROUND(L18*0.5*0.3,2) -> 750
A27: =PLAN!A30 -> 3.2.4.6 | B27: =PLAN!C30 -> Transporte de bica corrida produzida ou comercial até a usina de solos com caminhão basculante de 12 m3 em piso pavimentado | E27: volume de material x peso médio 1,5 ton/m3 x distância média 50km | J27: peso da bica corrida x distância de transporte | K27: =PLAN!D30 -> Txkm | L27: =ROUND(1.5*50*L26,2) -> 56250
A28: =PLAN!A31 -> 3.3 | B28: =PLAN!C31 -> EXECUÇÃO DE QUEBRA-MOLAS | K28: =PLAN!D31 -> 0
A29: =PLAN!A32 -> 3.3.1 | B29: =PLAN!C32 -> REMOÇÃO E REASSENTAMENTO DE CALÇAMENTO EM BLOCO DE CONCRETO INTERTRAVADO OU SEXTAVADO, C/ REAPROVEITAMENTO DOS BLOCOS, INCL FORNECIMENTO C/ APLICAÇÃO E REGULARIZAÇÃO MECANIZADA DE COLCHÃO DE PÓ-DE-PEDRA | E29: área de recomposição = quantidade de quebra-molas x largura média x comprimento | J29: área = 50,00 x 5,50 x 4,50 | K29: =PLAN!D32 -> M2 | L29: =M29*N29*O29 -> 1237.5 | M29: 50 | N29: 5.5 | O29: 4.5
A30: =PLAN!A33 -> 3.3.2 | B30: =PLAN!C33 -> COMPACTAÇÃO MECANIZADA ATERRO COM PLACA VIBRATÓRIA, INCLUSIVE ESPALHAMENTO MANUAL | E30: volume de material a ser compactado p/ execução quebra-molas | J30: volume = quantidade quebra-molas x área CAD=0,45m2 | K30: =PLAN!D33 -> M3 | L30: =ROUND(M29*O29*M30,2) -> 101.25 | M30: 0.45 | N30: 0,15m alt
A31: =PLAN!A34 -> 3.4 | B31: =PLAN!C34 -> TRAVAMENTO EXTERNO DE MEIO-FIOS EXISTENTES | K31: =PLAN!D34 -> 0
A32: =PLAN!A35 -> 3.4.1 | B32: =PLAN!C35 -> ESCAVAÇÃO MANUAL DE TERRA (DESATERRO MANUAL), INCL DESCARGA LATERAL, EXCL RETIRADA E TRANSPORTE DO MATERIAL ESCAVADO | E32: volume de corte estimado | G32: comprimento= | I32: =M32 -> 1000 | J32: volume de corte de terra = comprimento x 0,50 x 0,25 | K32: =PLAN!D35 -> M3 | L32: =ROUND(M32*2*0.5*0.25*2,2) -> 500 | M32: 1000
A33: =PLAN!A36 -> 3.4.2 | B33: =PLAN!C36 -> COMPACTAÇÃO MECANIZADA ATERRO COM PLACA VIBRATÓRIA, INCLUSIVE ESPALHAMENTO MANUAL | E33: volume de corte estimado | G33: comprimento= | I33: =M32 -> 1000 | J33: volume aterro compactado = comprimento x 0,50 x 0,25 | K33: =PLAN!D36 -> M3 | L33: =L32 -> 500
A34: =PLAN!A37 -> 3.5 | B34: =PLAN!C37 -> DRENAGEM PLUVIAL | K34: =PLAN!D37 -> 0
A35: =PLAN!A38 -> 3.5.1 | B35: =PLAN!C38 -> RETROESCAVADEIRA SOBRE RODAS C/ CARREGADEIRA, TRAÇÃO 4X4, POTÊNCIA LÍQ. 88 HP, CAÇAMBA CARREG. CAP. MÍN. 1 M3, CAÇAMBA RETRO CAP. 0,26 M3, PESO OPERACIONAL MÍN. 6.674 KG, PROFUND ESCAVAÇÃO MÁX. 4,37 M - CHI DIURNO | E35: estimativa de horas improdutivas | J35: estimativa de horas | K35: =PLAN!D38 -> CHI | L35: =2*M38 -> 20
A36: =PLAN!A39 -> 3.5.2 | B36: =PLAN!C39 -> RETROESCAVADEIRA SOBRE RODAS C/ CARREGADEIRA, TRAÇÃO 4X4, POTÊNCIA LÍQ. 88 HP, CAÇAMBA CARREG. CAP. MÍN. 1 M3, CAÇAMBA RETRO CAP. 0,26 M3, PESO OPERACIONAL MÍN. 6.674 KG, PROFUND ESCAVAÇÃO MÁX. 4,37 M - CHP DIURNO | E36: estimativa de horas produtivas | J36: estimativa de horas | K36: =PLAN!D39 -> CHP | L36: =4*M38 -> 40
A37: =PLAN!A40 -> 3.5.3 | B37: =PLAN!C40 -> APILOAMENTO DO FUNDO DE VALAS COM PLACA VIBRATÓRIA | E37: comprimento x largura = comprimento x 1,3 | J37: área | K37: =PLAN!D40 -> M2 | L37: =ROUND(L38*1.3,2) -> 104
A38: =PLAN!A41 -> 3.5.4 | B38: =PLAN!C41 -> TUBO DE CONCRETO ARMADO, CLASSE PA1, DIÂMETRO DE 600MM, INCLUSIVE CARGA E DESCARGA MECÂNICA EM CAMINHÃO, ASSENTAMENTO E REJUNTAMENTO, EXCLUSIVE ESCAVAÇÃO E TRANSPORTE | E38: Tubo 600mm = no. trechos x compriment | F38: =N38 -> 8 | G38: quantidade trechos = | I38: =M38 -> 10 | J38: comprimento | K38: =PLAN!D41 -> M | L38: =M38*N38 -> 80 | M38: 10 | N38: 8
A39: =PLAN!A42 -> 3.5.5 | B39: =PLAN!C42 -> REATERRO COMPACTADO DE VALA COM EQUIPAMENTO PLACA VIBRATÓRIA | E39: TUBO 600mm=(comprimentox1,5x1,4)-(comprimentox3,14x0,6x0,6x0,25) | J39: comprimento | K39: =PLAN!D42 -> M3 | L39: =ROUND(L38*1.5*1.4-L38*3.14*0.6*0.6*0.25,2) -> 145.39
A40: =PLAN!A43 -> 3.5.6 | B40: =PLAN!C43 -> CAIXA DRENAGEM INSPEÇÃO/PASSAGEM EM ALVENARIA (80X80X140CM), REVESTIMENTO EM ARGAMASSA C/ ADITIVO IMPERMEABILIZANTE, C/ TAMPA CONCRETO, INCL ESCAVAÇÃO, REATERRO E TRANSPORTE C/ RETIRADA DO MATERIAL ESCAVADO | E40: quantidade = número de trechos x 2 lados | J40: quantidade | K40: =PLAN!D43 -> UNID | L40: =M38*2 -> 20
A41: =PLAN!A44 -> 3.5.7 | B41: =PLAN!C44 -> GRELHA CAIXILHO DE CONCRETO ARMADO,SENDO AS DIMENSOES EXTERN AS DE 0,40X0,90M (GRELHA) E 1,10X0,54M (CAIXILHO).EXCLUSIVE FORMAS.FORNECIMENTO E COLOCACAO 3% - DESGASTE DE FERRAMENTAS E EPI | E41: quantidade de grelhas danificadas a serem substituídas | J41: quantidade | K41: =PLAN!D44 -> UNID | L41: 60
A42: =PLAN!A45 -> 3.5.7 | B42: =PLAN!C45 -> DISSIPADOR DE ENERGIA | K42: =PLAN!D45 -> 0
A43: =PLAN!A46 -> 3.5.7.1 | B43: =PLAN!C46 -> CONCRETAGEM DE DISSIPADOR DE ENERGIA, FCK = 20 MPA, COM USO DE JERICAS E PREPARO EM BETONEIRA DE 600 L - AREIA E BRITA COMERCIAIS - LANÇAMENTO, ADENSAMENTO E ACABAMENTO. AF_08/2022 | E43: dimensões = C=2,40m / L= 2,42 / d=0,30 / e=0,15 | G43: quantidade= | I43: =M43 -> 10 | J43: volume de concreto 0,88m3 x quantidade | K43: =PLAN!D46 -> M3 | L43: =0.88*M43 -> 8.8 | M43: 10 | N43: unidades
A44: =PLAN!A47 -> 3.5.7.2 | B44: =PLAN!C47 -> FÔRMA E DESFORMA DE TÁBUA E SARRAFO, REAPROVEITAMENTO (5X), EXCLUSIVE ESCORAMENTO | E44: dimensões = C=2,40m / L= 2,42 / d=0,30 / e=0,15 | G44: quantidade= | I44: =M43 -> 10 | J44: área de fôrmas 5,25m2 x quantidade | K44: =PLAN!D47 -> M2 | L44: =5.25*M43 -> 52.5
A45: =PLAN!A48 -> 3.5.7.3 | B45: =PLAN!C48 -> PEDRA ARGAMASSADA C/ CIMENTO E AREIA 1:3, 40% DE ARGAMASSA EM VOLUME - AREIA E PEDRA DE MÃO COMERCIAIS - FORNEC E ASSENT | E45: dimensões = C=2,40m / L= 2,42 / d=0,30 / e=0,15 | G45: quantidade= | I45: =M43 -> 10 | J45: volume de pedra 1,28m3 x quantidade | K45: =PLAN!D48 -> M3 | L45: =1.28*M43 -> 12.8
A46: =PLAN!A49 -> 3.6 | B46: =PLAN!C49 -> CERCAMENTO EM MOURÕES DE MADEIRA E ARAME FARPADO | K46: =PLAN!D49 -> 0
A47: =PLAN!A50 -> 3.6.1 | B47: =PLAN!C50 -> REMOÇÃO MANUAL DE CERCA, COM REAPROVEITAMENTO, INCLUSIVE AFASTAMENTO, EMPILHAMENTO E REASSENTAMENTO EM LOCAL PRÓXIMO, ALÉM DE TRANSPORTE E RETIRADA DO MATERIAL REMOVIDO NÃO REAPROVEITÁVEL | E47: área de cerca a ser removida e reassentada | J47: área = 700,00 x 1,00 | K47: =PLAN!D50 -> M2 | L47: =M47*N47 -> 700 | M47: 700 | N47: 1
A48: =PLAN!A51 -> 3.6.2 | B48: =PLAN!C51 -> Recomposição parcial de cerca de arame farpado com mourão de madeira - ARAME | E48: comprimento de arame estimado para recomposição | J48: comprimento = 20% do trecho de cerca a ser removido | K48: =PLAN!D51 -> M | L48: =M47*M48 -> 140 | M48: 0.2
A49: =PLAN!A52 -> 3.6.3 | B49: =PLAN!C52 -> Recomposição parcial de cerca de arame farpado com mourão de madeira - MOURÃO | E49: comprimento estimado de cerca c/ troca de mourões | J49: comprimento = 10% do trecho de cerca a ser removido | K49: =PLAN!D52 -> M | L49: =M47*M49 -> 70 | M49: 0.1
A50: =PLAN!A53 -> 3.6.4 | B50: =PLAN!C53 -> Recomposição total de cerca de arame farpado com mourão de madeira | E50: comprimento estimado de cerca c/ troca total de arame/mourões | J50: comprimento = 10% do trecho de cerca a ser removido | K50: =PLAN!D53 -> M | L50: =M47*M50 -> 70 | M50: 0.1
A51: =PLAN!A54 -> 3.7 | B51: =PLAN!C54 -> PASSEIOS DE CONCRETO P/ ESCOAMENTO DAS ÁGUAS PLUVIAIS DOS TALUDES | K51: =PLAN!D54 -> 0
A52: =PLAN!A55 -> 3.7.1 | B52: =PLAN!C55 -> ESCAVAÇÃO MANUAL DE TERRA (DESATERRO MANUAL), INCL DESCARGA LATERAL, EXCL RETIRADA E TRANSPORTE DO MATERIAL ESCAVADO | E52: volume de corte estimado | G52: comprimento= | I52: =G54 -> 100 | J52: volume de corte de terra = comprimento x 0,50 x 0,25 | K52: =PLAN!D55 -> M3 | L52: =ROUND(I52*0.5*0.25*2,2) -> 25
A53: =PLAN!A56 -> 3.7.2 | B53: =PLAN!C56 -> COMPACTAÇÃO MECANIZADA ATERRO COM PLACA VIBRATÓRIA, INCLUSIVE ESPALHAMENTO MANUAL | E53: volume de corte estimado | G53: comprimento= | I53: =G54 -> 100 | J53: volume aterro compactado = comprimento x 0,50 x 0,25 | K53: =PLAN!D56 -> M3 | L53: =ROUND(I53*0.5*0.25*2,2) -> 25
A54: =PLAN!A57 -> 3.7.3 | B54: =PLAN!C57 -> PASSEIOS DE CONCRETO E = 6 CM, FCK = 10 MPA, JUNTA SECA | E54: área = compr x largura | G54: =M54 -> 100 | I54: 0.5 | J54: área de passeio | K54: =PLAN!D57 -> M2 | L54: =G54*I54 -> 50 | M54: 100
A55: =PLAN!A58 -> 3.8 | B55: =PLAN!C58 -> LIMPEZA GERAL E OUTROS SERVIÇOS EM VIAS PÚBLICAS | K55: =PLAN!D58 -> 0
A56: =PLAN!A59 -> 3.8.1 | B56: =PLAN!C59 -> RETROESCAVADEIRA SOBRE RODAS COM CARREGADEIRA, TRAÇÃO 4X4, POTÊNCIA LÍQ. 88 HP, CAÇAMBA CARREG. CAP. MÍN. 1 M3, CAÇAMBA RETRO CAP. 0,26 M3, PESO OPERACIONAL MÍN. 6.674 KG, PROFUNDIDADE ESCAVAÇÃO MÁX. 4,37 M - CHI DIURNO. AF_06/2014 | E56: estimativa de horas improdutivas | J56: estimativa de horas = no. dias x no. horas | K56: =PLAN!D59 -> CHI | L56: =M56*N56 -> 240 | M56: =12*10 -> 120 | N56: 2
A57: =PLAN!A60 -> 3.8.2 | B57: =PLAN!C60 -> RETROESCAVADEIRA SOBRE RODAS COM CARREGADEIRA, TRAÇÃO 4X4, POTÊNCIA LÍQ. 88 HP, CAÇAMBA CARREG. CAP. MÍN. 1 M3, CAÇAMBA RETRO CAP. 0,26 M3, PESO OPERACIONAL MÍN. 6.674 KG, PROFUNDIDADE ESCAVAÇÃO MÁX. 4,37 M - CHP DIURNO | E57: estimativa de horas produtivas | J57: =J56 -> estimativa de horas = no. dias x no. horas | K57: =PLAN!D60 -> CHP | L57: =M57*N57 -> 720 | M57: =M56 -> 120 | N57: 6
A58: =PLAN!A61 -> 3.8.3 | B58: =PLAN!C61 -> TRANSPORTE DE MATERIAL DE QUALQUER NATUREZA COM CARRINHO DE MÃO, COM DISTÂNCIAS MENORES OU IGUAIS A 50M, INCLUSIVE CARGA/DESCARGA | E58: volume de material transportado | J58: =E58 -> volume de material transportado | K58: =PLAN!D61 -> M3 | L58: =M59 -> 300
A59: =PLAN!A62 -> 3.8.4 | B59: =PLAN!C62 -> TRANSPORTE DE MATERIAL DE QUALQUER NATUREZA EM CAMINHÃO, DISTÂNCIA MAIOR QUE 1KM E MENOR OU IGUAL A 2KM, DENTRO DO PERÍMETRO URBANO, EXCLUSIVE CARGA, INCLUSIVE DESCARGA | E59: volume de material x distância de transporte | J59: volume de material x 2km | K59: =PLAN!D62 -> M3xKM | L59: =M59*N59 -> 600 | M59: 300 | N59: 2
A60: =PLAN!A63 -> 3.8.5 | B60: =PLAN!C63 -> ESCAVAÇÃO MANUAL DE TERRA (DESATERRO MANUAL), INCL DESCARGA LATERAL, EXCL RETIRADA E TRANSPORTE DO MATERIAL ESCAVADO | E60: volume de material escavado | J60: =E60 -> volume de material escavado | K60: =PLAN!D63 -> M3 | L60: 200
A61: =PLAN!A64 -> 3.8.6 | B61: =PLAN!C64 -> LIMPEZA MANUAL DE BUEIROS | E61: volume de material de limpeza | J61: volume = quantidade bueiros x dimensões médias (0,60x0,80x1,00) | K61: =PLAN!D64 -> M3 | L61: =M61*N61 -> 14.4 | M61: 30 | N61: =0.6*0.8*1 -> 0.48
A62: =PLAN!A65 -> 3.8.7 | B62: =PLAN!C65 -> CAPINA MANUAL DO TERRENO, EXCLUSIVE RASTELAMENTO E QUEIMA | E62: área de capina | J62: área = comprimento x largura | K62: =PLAN!D65 -> M2 | L62: =M62*N62 -> 1500 | M62: 1000 | N62: 1.5
A63: =PLAN!A66 -> 3.8.8 | B63: =PLAN!C66 -> CORTE DE ÁRVORE COM MOTOSSERRA, DIÂMETRO DO TRONCO ACIMA DE TRINTA (30) CENTÍMETROS ATÉ CINQUENTA (50) CENTÍMETROS, EXCLUSIVE DESTOCAMENTO E AFASTAMENTO | E63: quantidade de árvores | J63: =E63 -> quantidade de árvores | K63: =PLAN!D66 -> UNID | L63: 20
A64: =PLAN!A67 -> 3.8.9 | B64: =PLAN!C67 -> CORTE DE ÁRVORE COM MOTOSSERRA, DIÂMETRO DO TRONCO DE QUINZE (15) CENTÍMETROS ATÉ TRINTA (30) CENTÍMETROS, EXCLUSIVE DESTOCAMENTO E AFASTAMENTO | E64: =E63 -> quantidade de árvores | J64: =E63 -> quantidade de árvores | K64: =PLAN!D67 -> UNID | L64: 50
A65: =PLAN!A68 -> 3.9 | B65: =PLAN!C68 -> ESTRUTURAS DE CONCRETO ARMADO DE CONTENÇÃO, INFRAESTRUTURA E/OU AFINS | K65: =PLAN!D68 -> 0
A66: =PLAN!A69 -> 3.9.1 | B66: =PLAN!C69 -> RETROESCAVADEIRA SOBRE RODAS COM CARREGADEIRA, TRAÇÃO 4X4, POTÊNCIA LÍQ. 88 HP, CAÇAMBA CARREG. CAP. MÍN. 1 M3, CAÇAMBA RETRO CAP. 0,26 M3, PESO OPERACIONAL MÍN. 6.674 KG, PROFUNDIDADE ESCAVAÇÃO MÁX. 4,37 M - CHI DIURNO. AF_06/2014 | E66: estimativa de horas improdutivas | J66: estimativa de horas = no. dias x no. horas | K66: =PLAN!D69 -> CHI | L66: =M66*N66 -> 96 | M66: =12*4 -> 48 | N66: 2
A67: =PLAN!A70 -> 3.9.2 | B67: =PLAN!C70 -> RETROESCAVADEIRA SOBRE RODAS COM CARREGADEIRA, TRAÇÃO 4X4, POTÊNCIA LÍQ. 88 HP, CAÇAMBA CARREG. CAP. MÍN. 1 M3, CAÇAMBA RETRO CAP. 0,26 M3, PESO OPERACIONAL MÍN. 6.674 KG, PROFUNDIDADE ESCAVAÇÃO MÁX. 4,37 M - CHP DIURNO | E67: estimativa de horas produtivas | J67: =J66 -> estimativa de horas = no. dias x no. horas | K67: =PLAN!D70 -> CHP | L67: =M67*N67 -> 192 | M67: =M66 -> 48 | N67: 4
A68: =PLAN!A71 -> 3.9.3 | B68: =PLAN!C71 -> ESCAVAÇÃO MANUAL DE VALAS H <= 1,50 M | E68: volume de material escavado manualmente | J68: =E68 -> volume de material escavado manualmente | K68: =PLAN!D71 -> m3 | L68: 100
A69: =PLAN!A72 -> 3.9.4 | B69: =PLAN!C72 -> REATERRO COMPACTADO COM EQUIPAMENTO PLACA VIBRATÓRIA | E69: volume de material reaterrado | J69: =E69 -> volume de material reaterrado | K69: =PLAN!D72 -> m3 | L69: 100
A70: =PLAN!A73 -> 3.9.5 | B70: =PLAN!C73 -> FÔRMA E DESFORMA DE TÁBUA E SARRAFO, REAPROVEITAMENTO (3X), EXCLUSIVE ESCORAMENTO | E70: área de fôrmas para execução das estruturas | J70: =E70 -> área de fôrmas para execução das estruturas | K70: =PLAN!D73 -> m2 | L70: 200
A71: =PLAN!A74 -> 3.9.6 | B71: =PLAN!C74 -> CORTE, DOBRA E ARMAÇÃO DE AÇO CA-50/60 | E71: peso do aço para execução das estruturas | J71: =E71 -> peso do aço para execução das estruturas | K71: =PLAN!D74 -> kg | L71: 4000
A72: =PLAN!A75 -> 3.9.7 | B72: =PLAN!C75 -> FORNECIMENTO CONCRETO ESTRUTURAL, PREPARADO OBRA, COM FCK 25 MPA, INCL LANÇAMENTO, ADENSAMENTO E ACABAMENTO | E72: volume de concreto para execução das estruturas | J72: =E72 -> volume de concreto para execução das estruturas | K72: =PLAN!D75 -> m3 | L72: 40
A73: =PLAN!A76 -> 3.9.8 | B73: =PLAN!C76 -> ALVENARIA DE BLOCO DE CONCRETO CHEIO, CONCRETO FCK = 15 MPA E ARMAÇÃO E=19CM | E73: área alvenaria em blocos cheios p/ execução das estruturas | J73: =E73 -> área alvenaria em blocos cheios p/ execução das estruturas | K73: =PLAN!D76 -> m2 | L73: 150 | M73: =PLAN!I77 -> 1777071.1
B76: Eng. Civil WILSON DIAS DA FONSECA JÚNIOR | E76: 61.924 / D
B77: Carimbo e assinatura do engenheiro responsável técnico pela elaboração da planilha | E77: CREA

Sheet PLAN
A2: PLANILHA ORÇAMENTÁRIA DE CUSTOS
A3: PREFEITURA MUNICIPAL DE SANTA CRUZ DO ESCALVADO | H3: FOLHA Nº: 01
A4: OBRA: SISTEMA DE REGISTRO DE PREÇOS P/ EXECUÇÃO DE SERVIÇOS DIVERSOS DE ENGENHARIA | H4: DATA: 02/09/26
A5: LOCAL: VIAS PÚBLICAS DIVERSAS DO MUNICÍPIO DE SANTA CRUZ DO ESCALVADO (MG) | E5: COORDENADAS: (SEDE) | G5: FORMA DE EXECUÇÃO:
A6: MÊS DE REFERÊNCIA: SETOP LESTE-04/26 DES /// SINAPI-07/26 DES /// EMOP-07/26 DES | E6: LAT >>> -20.2361352° | G6: ( X ) | H6: INDIRETA
A7: PRAZO EXECUÇÃO: | C7: 12 (doze) meses | E7: LON >>> -42.8155965° | G7: BDI | H7: 0.2647 | I7: =H77 -> 1777071.1
A8: ITEM | B8: CÓDIGO | C8: DESCRIÇÃO DOS SERVIÇOS | D8: UNID | E8: QUANTID | F8: PRÇO UN S/ BDI | G8: PRÇO UN C/ BDI | H8: VALOR TOTAL
A9: 1 | C9: ADMINISTRAÇÃO LOCAL
A10: 1.1 | B10: ED-21776 | C10: ENCARREGADO GERAL DE OBRAS COM ENCARGOS COMPLEMENTARES | D10: MÊS | E10: =MEM!L7 -> 4.36 | F10: 9720.1 | G10: =ROUND(F10*($H$7+1),2) -> 12293.01 | H10: =ROUND(E10*G10,2) -> 53597.52
A11: 1.2 | B11: ED-21777 | C11: TÉCNICO EM SEGURANÇA DO TRABALHO COM ENCARGOS COMPLEMENTARES | D11: MÊS | E11: =MEM!L8 -> 0.11 | F11: 8249.54 | G11: =ROUND(F11*($H$7+1),2) -> 10433.19 | H11: =ROUND(E11*G11,2) -> 1147.65
A12: 1.3 | B12: ED-21770 | C12: ENGENHEIRO CIVIL DE OBRA PLENO COM ENCARGOS COMPLEMENTARES | D12: MÊS | E12: =MEM!L9 -> 0.22 | F12: 23794.19 | G12: =ROUND(F12*($H$7+1),2) -> 30092.51 | H12: =ROUND(E12*G12,2) -> 6620.35 | I12: =ROUND(SUM(H10:H12),2) -> 61365.52 | J12: =I12/H77 -> 0.034531832 | K12: limite entre 3,49 a 8,87
A13: 2 | C13: SERVIÇOS PRELIMINARES | E13: =MEM!L10 -> 0
A14: 2.1 | B14: ED-16660 | C14: FORNECIMENTO E COLOCAÇÃO DE PLACA DE OBRA EM CHAPA GALVANIZADA #26, ESP. 0,45 MM, PLOTADA COM ADESIVO VINÍLICO, AFIXADA C/ REBITES 4,8X40 MM, EM ESTRUTURA METÁLICA DE METALON 20X20 MM, ESP. 1,25 MM, INCL SUPORTE EM EUCALIPTO AUTOCLAVADO PINTADO COM TINTA PVA DUAS (2) DEMÃOS | D14: M2 | E14: =MEM!L11 -> 2 | F14: 261.86 | G14: =ROUND(F14*($H$7+1),2) -> 331.17 | H14: =ROUND(E14*G14,2) -> 662.34
A15: 2.2 | B15: ED-50389 | C15: MOBILIZAÇÃO E DESMOBILIZAÇÃO OBRA DISTANTE DE CENTRO URBANO COM VALOR ATÉ 1.000.000,00 | D15: % | E15: =MEM!L12 -> 2 | F15: =ROUND(G15/1.2647,2) -> 1377580.9 | G15: =J15 -> 1742226.5 | H15: =ROUND(E15*G15,2)/100 -> 34844.531 | I15: =ROUND(SUM(H14:H15),2) -> 35506.87 | J15: 1742226.5 | K15: 2
A16: 3 | C16: SERVIÇOS DIVERSOS | E16: =MEM!L13 -> 0 | J16: =ROUND(K15*J15/100,2) -> 34844.53 | K16: =H15-J16 -> 0.0006
A17: 3.1 | C17: DESLOCAMENTO E TRANSPORTE | E17: =MEM!L14 -> 0
A18: 3.1.1 | B18: CO-28364 | C18: VEÍCULO TIPO PICAPE LEVE, COM CAPACIDADE PARA CINCO (5) LUGARES, OBEDECIDOS OS SEGUINTES REQUISITOS MÍNIMOS: TER NO MÁXIMO UM (1) ANO DE USO, ATÉ 20.000KM RODADOS, POTÊNCIA MÍNIMA DE 100CV, DIREÇÃO ASSISTIDA, AR CONDICIONADO, DESEMBAÇADOR DE VIDROS, RÁDIO AM/FM, EMPLACADO, COM SEGURO TOTAL (CUSTO FIXO), EXCLUSIVE QUILÔMETRO RODADO (CUSTO VARIÁVEL) | D18: MÊS | E18: =MEM!L15 -> 12 | F18: 1853.59 | G18: =ROUND(F18*($H$7+1),2) -> 2344.24 | H18: =ROUND(E18*G18,2) -> 28130.88 | K18: =I15-H14 -> 34844.53
A19: 3.1.2 | B19: CO-28366 | C19: VEÍCULO TIPO PICAPE LEVE, COM CAPACIDADE PARA CINCO (5) LUGARES, OBEDECIDOS OS SEGUINTES REQUISITOS MÍNIMOS: TER NO MÁXIMO UM (1) ANO DE USO, ATÉ 20.000KM RODADOS, POTÊNCIA MÍNIMA DE 100CV, DIREÇÃO ASSISTIDA, AR CONDICIONADO, DESEMBAÇADOR DE VIDROS, RÁDIO AM/FM, EMPLACADO, COM SEGURO TOTAL, INCLUSIVE MANUTENÇÃO E COMBUSTÍVEL (CUSTO VARIÁVEL) | D19: km | E19: =MEM!L16 -> 1200 | F19: 1.29 | G19: =ROUND(F19*($H$7+1),2) -> 1.63 | H19: =ROUND(E19*G19,2) -> 1956 | I19: =ROUND(SUM(H18:H19),2) -> 30086.88 | K19: =K18/12 -> 2903.7108
A20: 3.2 | C20: RECOMPOSIÇÃO DE CALÇAMENTO EXISTENTE | E20: =MEM!L17 -> 0 | F20: 0 | G20: =ROUND(F20*($H$7+1),2) -> 0 | H20: =ROUND(E20*G20,2) -> 0 | K20: =K19/I15 -> 0.081778845 | L20: =H14/I15 -> 0.018653855
A21: 3.2.1 | B21: ED-50414 | C21: REMOÇÃO E REASSENTAMENTO DE CALÇAMENTO EM BLOCO DE CONCRETO INTERTRAVADO OU SEXTAVADO, COM REAPROVEITAMENTO DOS BLOCOS, INCLUSIVE FORNECIMENTO COM APLICAÇÃO E REGULARIZAÇÃO MECANIZADA DE COLCHÃO DE PÓ-DE-PEDRA | D21: M2 | E21: =MEM!L18 -> 5000 | F21: 47.07 | G21: =ROUND(F21*($H$7+1),2) -> 59.53 | H21: =ROUND(E21*G21,2) -> 297650 | L21: =L20+K20 -> 0.1004327
A22: 3.2.2 | B22: ED-51142 | C22: REMOÇÃO E REASSENTAMENTO DE MEIO FIO PRÉ MOLDADO DE CONCRETO COM REAPROVEITAMENTO | D22: M | E22: =MEM!L19 -> 50 | F22: 45.36 | G22: =ROUND(F22*($H$7+1),2) -> 57.37 | H22: =ROUND(E22*G22,2) -> 2868.5
A23: 3.2.3 | B23: MATED-11977 | C23: PISO INTERTRAVADO (MODELO: SEXTAVADO|DIMENSÕES: (30X30)CM|ESPESSURA: 8CM|RESISTÊNCIA MÍNIMA (FCK): 35MPA|MATERIAL: CONCRETO|PESO DO BLOCO*: 9,7KG|PESO POR ÁREA*: 180KG/M2)*VALORES REFERENCIAIS APROXIMADOS | D23: M2 | E23: =MEM!L20 -> 1000 | F23: 76.5 | G23: =ROUND(F23*($H$7+1),2) -> 96.75 | H23: =ROUND(E23*G23,2) -> 96750 | J23: ED-8982
A24: 3.2.4 | C24: RECOMPOSIÇÃO DE BASE | E24: =MEM!L21 -> 0 | G24: =ROUND(F24*($H$7+1),2) -> 0 | H24: =ROUND(E24*G24,2) -> 0
A25: 3.2.4.1 | B25: SINAPI-5679 | C25: RETROESCAVADEIRA SOBRE RODAS COM CARREGADEIRA, TRAÇÃO 4X4, POTÊNCIA LÍQ. 88 HP, CAÇAMBA CARREG. CAP. MÍN. 1 M3, CAÇAMBA RETRO CAP. 0,26 M3, PESO OPERACIONAL MÍN. 6.674 KG, PROFUNDIDADE ESCAVAÇÃO MÁX. 4,37 M - CHI DIURNO. AF_06/2014 | D25: CHI | E25: =MEM!L22 -> 48 | F25: 75.15 | G25: =ROUND(F25*($H$7+1),2) -> 95.04 | H25: =ROUND(E25*G25,2) -> 4561.92
A26: 3.2.4.2 | B26: SINAPI-5678 | C26: RETROESCAVADEIRA SOBRE RODAS COM CARREGADEIRA, TRAÇÃO 4X4, POTÊNCIA LÍQ. 88 HP, CAÇAMBA CARREG. CAP. MÍN. 1 M3, CAÇAMBA RETRO CAP. 0,26 M3, PESO OPERACIONAL MÍN. 6.674 KG, PROFUNDIDADE ESCAVAÇÃO MÁX. 4,37 M - CHP DIURNO. AF_06/2014 | D26: CHP | E26: =MEM!L23 -> 96 | F26: 162.62 | G26: =ROUND(F26*($H$7+1),2) -> 205.67 | H26: =ROUND(E26*G26,2) -> 19744.32
A27: 3.2.4.3 | B27: SINAPI-95875 | C27: REMOÇÃO MATERIAL C/ TRANSPORTE CAMINHÃO BASCULANTE DE 10 M³, EM VIA URBANA PAVIMENTADA, DMT ATÉ 30 KM (UNID: M3XKM). | D27: M3xKM | E27: =MEM!L24 -> 15000 | F27: 2.78 | G27: =ROUND(F27*($H$7+1),2) -> 3.52 | H27: =ROUND(E27*G27,2) -> 52800
A28: 3.2.4.4 | B28: SICRO-1505877 | C28: ENROCAMENTO DE PEDRA ESPALHADA E COMPACTADA MECANICAMENTE - PEDRA DE MÃO COMERCIAL - FORNECIMENTO E ASSENTAMENTO | D28: M3 | E28: =MEM!L25 -> 750 | F28: 222.22 | G28: =ROUND(F28*($H$7+1),2) -> 281.04 | H28: =ROUND(E28*G28,2) -> 210780
A29: 3.2.4.5 | B29: RO-00337 | C29: Base ou sub base estabilizada granulometricamente com mistura na pista de solo bica corrida (30% 70%), com material de jazida e bica corrida comercial Compactado na energia modificada (Execução, incluído escavação e carga do material de jazida, fornecimento e carga da bica corrida, exclui o transporte) | D29: M3 | E29: =MEM!L26 -> 750 | F29: 143.18 | G29: =ROUND(F29*($H$7+1),2) -> 181.08 | H29: =ROUND(E29*G29,2) -> 135810
A30: 3.2.4.6 | B30: RO-00518 | C30: Transporte de bica corrida produzida ou comercial até a usina de solos com caminhão basculante de 12 m3 em piso pavimentado | D30: Txkm | E30: =MEM!L27 -> 56250 | F30: 0.78 | G30: =ROUND(F30*($H$7+1),2) -> 0.99 | H30: =ROUND(E30*G30,2) -> 55687.5 | I30: =ROUND(SUM(H21:H30),2) -> 876652.24
A31: 3.3 | C31: EXECUÇÃO DE QUEBRA-MOLAS | E31: =MEM!L28 -> 0 | G31: =ROUND(F31*($H$7+1),2) -> 0 | H31: =ROUND(E31*G31,2) -> 0
A32: 3.3.1 | B32: ED-50414 | C32: REMOÇÃO E REASSENTAMENTO DE CALÇAMENTO EM BLOCO DE CONCRETO INTERTRAVADO OU SEXTAVADO, C/ REAPROVEITAMENTO DOS BLOCOS, INCL FORNECIMENTO C/ APLICAÇÃO E REGULARIZAÇÃO MECANIZADA DE COLCHÃO DE PÓ-DE-PEDRA | D32: M2 | E32: =MEM!L29 -> 1237.5 | F32: 47.07 | G32: =ROUND(F32*($H$7+1),2) -> 59.53 | H32: =ROUND(E32*G32,2) -> 73668.38
A33: 3.3.2 | B33: ED-51096 | C33: COMPACTAÇÃO MECANIZADA ATERRO COM PLACA VIBRATÓRIA, INCLUSIVE ESPALHAMENTO MANUAL | D33: M3 | E33: =MEM!L30 -> 101.25 | F33: 56.33 | G33: =ROUND(F33*($H$7+1),2) -> 71.24 | H33: =ROUND(E33*G33,2) -> 7213.05 | I33: =ROUND(SUM(H32:H33),2) -> 80881.43
A34: 3.4 | C34: TRAVAMENTO EXTERNO DE MEIO-FIOS EXISTENTES | E34: =MEM!L31 -> 0 | G34: =ROUND(F34*($H$7+1),2) -> 0 | H34: =ROUND(E34*G34,2) -> 0
A35: 3.4.1 | B35: ED-51110 | C35: ESCAVAÇÃO MANUAL DE TERRA (DESATERRO MANUAL), INCL DESCARGA LATERAL, EXCL RETIRADA E TRANSPORTE DO MATERIAL ESCAVADO | D35: M3 | E35: =MEM!L32 -> 500 | F35: 47.14 | G35: =ROUND(F35*($H$7+1),2) -> 59.62 | H35: =ROUND(E35*G35,2) -> 29810
A36: 3.4.2 | B36: ED-51096 | C36: COMPACTAÇÃO MECANIZADA ATERRO COM PLACA VIBRATÓRIA, INCLUSIVE ESPALHAMENTO MANUAL | D36: M3 | E36: =MEM!L33 -> 500 | F36: 56.33 | G36: =ROUND(F36*($H$7+1),2) -> 71.24 | H36: =ROUND(E36*G36,2) -> 35620 | I36: =ROUND(SUM(H35:H36),2) -> 65430
A37: 3.5 | C37: DRENAGEM PLUVIAL | E37: =MEM!L34 -> 0 | F37: 0 | G37: =ROUND(F37*($H$7+1),2) -> 0
A38: 3.5.1 | B38: SINAPI-5679 | C38: RETROESCAVADEIRA SOBRE RODAS C/ CARREGADEIRA, TRAÇÃO 4X4, POTÊNCIA LÍQ. 88 HP, CAÇAMBA CARREG. CAP. MÍN. 1 M3, CAÇAMBA RETRO CAP. 0,26 M3, PESO OPERACIONAL MÍN. 6.674 KG, PROFUND ESCAVAÇÃO MÁX. 4,37 M - CHI DIURNO | D38: CHI | E38: =MEM!L35 -> 20 | F38: 75.15 | G38: =ROUND(F38*($H$7+1),2) -> 95.04 | H38: =ROUND(E38*G38,2) -> 1900.8
A39: 3.5.2 | B39: SINAPI-5678 | C39: RETROESCAVADEIRA SOBRE RODAS C/ CARREGADEIRA, TRAÇÃO 4X4, POTÊNCIA LÍQ. 88 HP, CAÇAMBA CARREG. CAP. MÍN. 1 M3, CAÇAMBA RETRO CAP. 0,26 M3, PESO OPERACIONAL MÍN. 6.674 KG, PROFUND ESCAVAÇÃO MÁX. 4,37 M - CHP DIURNO | D39: CHP | E39: =MEM!L36 -> 40 | F39: 162.62 | G39: =ROUND(F39*($H$7+1),2) -> 205.67 | H39: =ROUND(E39*G39,2) -> 8226.8
A40: 3.5.3 | B40: ED-51094 | C40: APILOAMENTO DO FUNDO DE VALAS COM PLACA VIBRATÓRIA | D40: M2 | E40: =MEM!L37 -> 104 | F40: 15.26 | G40: =ROUND(F40*($H$7+1),2) -> 19.3 | H40: =ROUND(E40*G40,2) -> 2007.2
A41: 3.5.4 | B41: ED-9209 | C41: TUBO DE CONCRETO ARMADO, CLASSE PA1, DIÂMETRO DE 600MM, INCLUSIVE CARGA E DESCARGA MECÂNICA EM CAMINHÃO, ASSENTAMENTO E REJUNTAMENTO, EXCLUSIVE ESCAVAÇÃO E TRANSPORTE | D41: M | E41: =MEM!L38 -> 80 | F41: 287.52 | G41: =ROUND(F41*($H$7+1),2) -> 363.63 | H41: =ROUND(E41*G41,2) -> 29090.4
A42: 3.5.5 | B42: ED-51121 | C42: REATERRO COMPACTADO DE VALA COM EQUIPAMENTO PLACA VIBRATÓRIA | D42: M3 | E42: =MEM!L39 -> 145.39 | F42: 50.57 | G42: =ROUND(F42*($H$7+1),2) -> 63.96 | H42: =ROUND(E42*G42,2) -> 9299.14
A43: 3.5.6 | B43: COMPOSIÇÃO | C43: CAIXA DRENAGEM INSPEÇÃO/PASSAGEM EM ALVENARIA (80X80X140CM), REVESTIMENTO EM ARGAMASSA C/ ADITIVO IMPERMEABILIZANTE, C/ TAMPA CONCRETO, INCL ESCAVAÇÃO, REATERRO E TRANSPORTE C/ RETIRADA DO MATERIAL ESCAVADO | D43: UNID | E43: =MEM!L40 -> 20 | F43: =K47 -> 1765.557 | G43: =ROUND(F43*($H$7+1),2) -> 2232.9 | H43: =ROUND(E43*G43,2) -> 44658 | K43: 2140.22 | L43: ED-49926 | M43: caixa completa
A44: 3.5.7 | B44: EMOP 06.015.0061-0 | C44: GRELHA CAIXILHO DE CONCRETO ARMADO,SENDO AS DIMENSOES EXTERN AS DE 0,40X0,90M (GRELHA) E 1,10X0,54M (CAIXILHO).EXCLUSIVE FORMAS.FORNECIMENTO E COLOCACAO 3% - DESGASTE DE FERRAMENTAS E EPI | D44: UNID | E44: =MEM!L41 -> 60 | F44: 477.77 | G44: =ROUND(F44*($H$7+1),2) -> 604.24 | H44: =ROUND(E44*G44,2) -> 36254.4
A45: 3.5.7 | C45: DISSIPADOR DE ENERGIA | E45: =MEM!L42 -> 0 | G45: =ROUND(F45*($H$7+1),2) -> 0 | H45: =ROUND(E45*G45,2) -> 0 | K45: =222.7*0.9*0.9 -> 180.387 | L45: EMOP 20.028.0020-0 | M45: incluir tampa concreto 0,90x0,90 m2
A46: 3.5.7.1 | B46: SINAPI-103801 | C46: CONCRETAGEM DE DISSIPADOR DE ENERGIA, FCK = 20 MPA, COM USO DE JERICAS E PREPARO EM BETONEIRA DE 600 L - AREIA E BRITA COMERCIAIS - LANÇAMENTO, ADENSAMENTO E ACABAMENTO. AF_08/2022 | D46: M3 | E46: =MEM!L43 -> 8.8 | F46: 752.63 | G46: =ROUND(F46*($H$7+1),2) -> 951.85 | H46: =ROUND(E46*G46,2) -> 8376.28 | K46: 555.05 | L46: valor na ED-49926 | M46: tirar grelha metálica
A47: 3.5.7.2 | B47: ED-8471 | C47: FÔRMA E DESFORMA DE TÁBUA E SARRAFO, REAPROVEITAMENTO (5X), EXCLUSIVE ESCORAMENTO | D47: M2 | E47: =MEM!L44 -> 52.5 | F47: 60.64 | G47: =ROUND(F47*($H$7+1),2) -> 76.69 | H47: =ROUND(E47*G47,2) -> 4026.23 | K47: =K43-K46+K45 -> 1765.557 | M47: VALOR FINAL CAIXA
A48: 3.5.7.3 | B48: SINAPI-103800 | C48: PEDRA ARGAMASSADA C/ CIMENTO E AREIA 1:3, 40% DE ARGAMASSA EM VOLUME - AREIA E PEDRA DE MÃO COMERCIAIS - FORNEC E ASSENT | D48: M3 | E48: =MEM!L45 -> 12.8 | F48: 587.78 | G48: =ROUND(F48*($H$7+1),2) -> 743.37 | H48: =ROUND(E48*G48,2) -> 9515.14 | I48: =ROUND(SUM(H38:H48),2) -> 153354.39
A49: 3.6 | C49: CERCAMENTO EM MOURÕES DE MADEIRA E ARAME FARPADO | E49: =MEM!L46 -> 0 | G49: =ROUND(F49*($H$7+1),2) -> 0 | H49: =ROUND(E49*G49,2) -> 0
A50: 3.6.1 | B50: COMPOSIÇÃO (ED-48439)+ (RO-15485 sem materiais) | C50: REMOÇÃO MANUAL DE CERCA, COM REAPROVEITAMENTO, INCLUSIVE AFASTAMENTO, EMPILHAMENTO E REASSENTAMENTO EM LOCAL PRÓXIMO, ALÉM DE TRANSPORTE E RETIRADA DO MATERIAL REMOVIDO NÃO REAPROVEITÁVEL | D50: M2 | E50: =MEM!L47 -> 700 | F50: =19.28+13.14 -> 32.42 | G50: =ROUND(F50*($H$7+1),2) -> 41 | H50: =ROUND(E50*G50,2) -> 28700 | K50: ED-48439 | L50: 19.28
A51: 3.6.2 | B51: RO-15481 | C51: Recomposição parcial de cerca de arame farpado com mourão de madeira - ARAME | D51: M | E51: =MEM!L48 -> 140 | F51: 2.29 | G51: =ROUND(F51*($H$7+1),2) -> 2.9 | H51: =ROUND(E51*G51,2) -> 406 | K51: RO-15485 | L51: =30.9-17.76 -> 13.14 | M51: Recomposição total de cerca de arame farpado com mourão de madeira (SEM MATERIAL)
A52: 3.6.3 | B52: RO-15482 | C52: Recomposição parcial de cerca de arame farpado com mourão de madeira - MOURÃO | D52: M | E52: =MEM!L49 -> 70 | F52: 48.29 | G52: =ROUND(F52*($H$7+1),2) -> 61.07 | H52: =ROUND(E52*G52,2) -> 4274.9
A53: 3.6.4 | B53: RO-15485 | C53: Recomposição total de cerca de arame farpado com mourão de madeira | D53: M | E53: =MEM!L50 -> 70 | F53: 30.14 | G53: =ROUND(F53*($H$7+1),2) -> 38.12 | H53: =ROUND(E53*G53,2) -> 2668.4 | I53: =ROUND(SUM(H50:H53),2) -> 36049.3
A54: 3.7 | C54: PASSEIOS DE CONCRETO P/ ESCOAMENTO DAS ÁGUAS PLUVIAIS DOS TALUDES | E54: =MEM!L51 -> 0 | G54: =ROUND(F54*($H$7+1),2) -> 0 | H54: =ROUND(E54*G54,2) -> 0
A55: 3.7.1 | B55: ED-51110 | C55: ESCAVAÇÃO MANUAL DE TERRA (DESATERRO MANUAL), INCL DESCARGA LATERAL, EXCL RETIRADA E TRANSPORTE DO MATERIAL ESCAVADO | D55: M3 | E55: =MEM!L52 -> 25 | F55: 47.14 | G55: =ROUND(F55*($H$7+1),2) -> 59.62 | H55: =ROUND(E55*G55,2) -> 1490.5
A56: 3.7.2 | B56: ED-51096 | C56: COMPACTAÇÃO MECANIZADA ATERRO COM PLACA VIBRATÓRIA, INCLUSIVE ESPALHAMENTO MANUAL | D56: M3 | E56: =MEM!L53 -> 25 | F56: 56.33 | G56: =ROUND(F56*($H$7+1),2) -> 71.24 | H56: =ROUND(E56*G56,2) -> 1781
A57: 3.7.3 | B57: ED-51145 | C57: PASSEIOS DE CONCRETO E = 6 CM, FCK = 10 MPA, JUNTA SECA | D57: M2 | E57: =MEM!L54 -> 50 | F57: 71.92 | G57: =ROUND(F57*($H$7+1),2) -> 90.96 | H57: =ROUND(E57*G57,2) -> 4548 | I57: =ROUND(SUM(H55:H57),2) -> 7819.5
A58: 3.8 | C58: LIMPEZA GERAL E OUTROS SERVIÇOS EM VIAS PÚBLICAS | E58: =MEM!L55 -> 0 | G58: =ROUND(F58*($H$7+1),2) -> 0 | H58: =ROUND(E58*G58,2) -> 0
A59: 3.8.1 | B59: SINAPI-5679 | C59: RETROESCAVADEIRA SOBRE RODAS COM CARREGADEIRA, TRAÇÃO 4X4, POTÊNCIA LÍQ. 88 HP, CAÇAMBA CARREG. CAP. MÍN. 1 M3, CAÇAMBA RETRO CAP. 0,26 M3, PESO OPERACIONAL MÍN. 6.674 KG, PROFUNDIDADE ESCAVAÇÃO MÁX. 4,37 M - CHI DIURNO. AF_06/2014 | D59: CHI | E59: =MEM!L56 -> 240 | F59: 74.24 | G59: =ROUND(F59*($H$7+1),2) -> 93.89 | H59: =ROUND(E59*G59,2) -> 22533.6
A60: 3.8.2 | B60: SINAPI-5678 | C60: RETROESCAVADEIRA SOBRE RODAS COM CARREGADEIRA, TRAÇÃO 4X4, POTÊNCIA LÍQ. 88 HP, CAÇAMBA CARREG. CAP. MÍN. 1 M3, CAÇAMBA RETRO CAP. 0,26 M3, PESO OPERACIONAL MÍN. 6.674 KG, PROFUNDIDADE ESCAVAÇÃO MÁX. 4,37 M - CHP DIURNO | D60: CHP | E60: =MEM!L57 -> 720 | F60: 159.11 | G60: =ROUND(F60*($H$7+1),2) -> 201.23 | H60: =ROUND(E60*G60,2) -> 144885.6
A61: 3.8.3 | B61: ED-51133 | C61: TRANSPORTE DE MATERIAL DE QUALQUER NATUREZA COM CARRINHO DE MÃO, COM DISTÂNCIAS MENORES OU IGUAIS A 50M, INCLUSIVE CARGA/DESCARGA | D61: M3 | E61: =MEM!L58 -> 300 | F61: 27.9 | G61: =ROUND(F61*($H$7+1),2) -> 35.29 | H61: =ROUND(E61*G61,2) -> 10587
A62: 3.8.4 | B62: ED-29230 | C62: TRANSPORTE DE MATERIAL DE QUALQUER NATUREZA EM CAMINHÃO, DISTÂNCIA MAIOR QUE 1KM E MENOR OU IGUAL A 2KM, DENTRO DO PERÍMETRO URBANO, EXCLUSIVE CARGA, INCLUSIVE DESCARGA | D62: M3xKM | E62: =MEM!L59 -> 600 | F62: 4.15 | G62: =ROUND(F62*($H$7+1),2) -> 5.25 | H62: =ROUND(E62*G62,2) -> 3150
A63: 3.8.5 | B63: ED-51110 | C63: ESCAVAÇÃO MANUAL DE TERRA (DESATERRO MANUAL), INCL DESCARGA LATERAL, EXCL RETIRADA E TRANSPORTE DO MATERIAL ESCAVADO | D63: M3 | E63: =MEM!L60 -> 200 | F63: 47.14 | G63: =ROUND(F63*($H$7+1),2) -> 59.62 | H63: =ROUND(E63*G63,2) -> 11924
A64: 3.8.6 | B64: RO-13915 | C64: LIMPEZA MANUAL DE BUEIROS | D64: M3 | E64: =MEM!L61 -> 14.4 | F64: 46.75 | G64: =ROUND(F64*($H$7+1),2) -> 59.12 | H64: =ROUND(E64*G64,2) -> 851.33
A65: 3.8.7 | B65: ED-50701 | C65: CAPINA MANUAL DO TERRENO, EXCLUSIVE RASTELAMENTO E QUEIMA | D65: M2 | E65: =MEM!L62 -> 1500 | F65: 1.57 | G65: =ROUND(F65*($H$7+1),2) -> 1.99 | H65: =ROUND(E65*G65,2) -> 2985
A66: 3.8.8 | B66: ED-50699 | C66: CORTE DE ÁRVORE COM MOTOSSERRA, DIÂMETRO DO TRONCO ACIMA DE TRINTA (30) CENTÍMETROS ATÉ CINQUENTA (50) CENTÍMETROS, EXCLUSIVE DESTOCAMENTO E AFASTAMENTO | D66: UNID | E66: =MEM!L63 -> 20 | F66: 108.54 | G66: =ROUND(F66*($H$7+1),2) -> 137.27 | H66: =ROUND(E66*G66,2) -> 2745.4
A67: 3.8.9 | B67: ED-50697 | C67: CORTE DE ÁRVORE COM MOTOSSERRA, DIÂMETRO DO TRONCO DE QUINZE (15) CENTÍMETROS ATÉ TRINTA (30) CENTÍMETROS, EXCLUSIVE DESTOCAMENTO E AFASTAMENTO | D67: UNID | E67: =MEM!L64 -> 50 | F67: 65.12 | G67: =ROUND(F67*($H$7+1),2) -> 82.36 | H67: =ROUND(E67*G67,2) -> 4118 | I67: =ROUND(SUM(H59:H67),2) -> 203779.93
A68: 3.9 | C68: ESTRUTURAS DE CONCRETO ARMADO DE CONTENÇÃO, INFRAESTRUTURA E/OU AFINS | E68: =MEM!L65 -> 0 | G68: =ROUND(F68*($H$7+1),2) -> 0 | H68: =ROUND(E68*G68,2) -> 0
A69: 3.9.1 | B69: SINAPI-5679 | C69: RETROESCAVADEIRA SOBRE RODAS COM CARREGADEIRA, TRAÇÃO 4X4, POTÊNCIA LÍQ. 88 HP, CAÇAMBA CARREG. CAP. MÍN. 1 M3, CAÇAMBA RETRO CAP. 0,26 M3, PESO OPERACIONAL MÍN. 6.674 KG, PROFUNDIDADE ESCAVAÇÃO MÁX. 4,37 M - CHI DIURNO. AF_06/2014 | D69: CHI | E69: =MEM!L66 -> 96 | F69: 74.24 | G69: =ROUND(F69*($H$7+1),2) -> 93.89 | H69: =ROUND(E69*G69,2) -> 9013.44
A70: 3.9.2 | B70: SINAPI-5678 | C70: RETROESCAVADEIRA SOBRE RODAS COM CARREGADEIRA, TRAÇÃO 4X4, POTÊNCIA LÍQ. 88 HP, CAÇAMBA CARREG. CAP. MÍN. 1 M3, CAÇAMBA RETRO CAP. 0,26 M3, PESO OPERACIONAL MÍN. 6.674 KG, PROFUNDIDADE ESCAVAÇÃO MÁX. 4,37 M - CHP DIURNO | D70: CHP | E70: =MEM!L67 -> 192 | F70: 159.11 | G70: =ROUND(F70*($H$7+1),2) -> 201.23 | H70: =ROUND(E70*G70,2) -> 38636.16
A71: 3.9.3 | B71: ED-51107 | C71: ESCAVAÇÃO MANUAL DE VALAS H <= 1,50 M | D71: m3 | E71: =MEM!L68 -> 100 | F71: 80.46 | G71: =ROUND(F71*($H$7+1),2) -> 101.76 | H71: =ROUND(E71*G71,2) -> 10176
A72: 3.9.4 | B72: ED-51121 | C72: REATERRO COMPACTADO COM EQUIPAMENTO PLACA VIBRATÓRIA | D72: m3 | E72: =MEM!L69 -> 100 | F72: 50.57 | G72: =ROUND(F72*($H$7+1),2) -> 63.96 | H72: =ROUND(E72*G72,2) -> 6396
A73: 3.9.5 | B73: ED-49643 | C73: FÔRMA E DESFORMA DE TÁBUA E SARRAFO, REAPROVEITAMENTO (3X), EXCLUSIVE ESCORAMENTO | D73: m2 | E73: =MEM!L70 -> 200 | F73: 78.15 | G73: =ROUND(F73*($H$7+1),2) -> 98.84 | H73: =ROUND(E73*G73,2) -> 19768
A74: 3.9.6 | B74: ED-48298 | C74: CORTE, DOBRA E ARMAÇÃO DE AÇO CA-50/60 | D74: kg | E74: =MEM!L71 -> 4000 | F74: 13.38 | G74: =ROUND(F74*($H$7+1),2) -> 16.92 | H74: =ROUND(E74*G74,2) -> 67680
A75: 3.9.7 | B75: ED-49630 | C75: FORNECIMENTO CONCRETO ESTRUTURAL, PREPARADO OBRA, COM FCK 25 MPA, INCL LANÇAMENTO, ADENSAMENTO E ACABAMENTO | D75: m3 | E75: =MEM!L72 -> 40 | F75: 647.83 | G75: =ROUND(F75*($H$7+1),2) -> 819.31 | H75: =ROUND(E75*G75,2) -> 32772.4
A76: 3.9.8 | B76: ED-48213 | C76: ALVENARIA DE BLOCO DE CONCRETO CHEIO, CONCRETO FCK = 15 MPA E ARMAÇÃO E=19CM | D76: m2 | E76: =MEM!L73 -> 150 | F76: 219.83 | G76: =ROUND(F76*($H$7+1),2) -> 278.02 | H76: =ROUND(E76*G76,2) -> 41703 | I76: =ROUND(SUM(H69:H76),2) -> 226145
A77: TOTAL GERAL | H77: =ROUND(SUM(H10:H76),2) -> 1777071.1 | I77: =SUM(I8:I76) -> 1777071.1 | J77: =I77-H77 -> 0
B79: Eng. Civil WILSON DIAS DA FONSECA JÚNIOR | E79: 61.924 / D
B80: Carimbo e assinatura do engenheiro responsável técnico pela elaboração da planilha | E80: CREA
B82: Carimbo e assinatura do prefeito

Sheet CRON1
F1: =F55 -> 0.0806 | G1: =G55 -> 0.08 | H1: =H55 -> 0.08 | I1: =I55 -> 0.08 | J1: =J55 -> 0.08 | K1: =K55 -> 0.08
A3: CRONOGRAMA FÍSICO-FINANCEIRO
A4: PREFEITURA MUNICIPAL DE SANTA CRUZ DO ESCALVADO | D4: VALOR DA OBRA: | E4: =PLAN!H77 -> 1777071.1 | I4: =PLAN!H4 -> DATA: 02/09/26
A5: =PLAN!A4 -> OBRA: SISTEMA DE REGISTRO DE PREÇOS P/ EXECUÇÃO DE SERVIÇOS DIVERSOS DE ENGENHARIA | D5: =PLAN!A5 -> LOCAL: VIAS PÚBLICAS DIVERSAS DO MUNICÍPIO DE SANTA CRUZ DO ESCALVADO (MG) | I5: =PLAN!A7 -> PRAZO EXECUÇÃO: | J5: =PLAN!C7 -> 12 (doze) meses
A6: ITEM | B6: CÓDIGO | C6: ETAPAS/DESCRIÇÃO | D6: FÍSICO/ FINANCEIRO | E6: TOTAL ETAPAS | F6: MÊS 1 | G6: MÊS 2 | H6: MÊS 3 | I6: MÊS 4 | J6: MÊS 5 | K6: MÊS 6
A7: =PLAN!A9 -> 1 | C7: =PLAN!C9 -> ADMINISTRAÇÃO LOCAL | D7: Físico % | E7: =ROUND((E8/$E$56),4) -> 0.0396 | F7: 0.0805 | G7: 0.08 | H7: 0.08 | I7: 0.08 | J7: 0.08 | K7: 0.08 | L7: =SUM(F7:K7) -> 0.4805
D8: Financeiro | E8: =PLAN!I12 -> 61365.52 | F8: =ROUND(F7*E8,2) -> 4939.92 | G8: =ROUND(G7*E8,2) -> 4909.24 | H8: =ROUND(H7*E8,2) -> 4909.24 | I8: =ROUND(I7*E8,2) -> 4909.24 | J8: =ROUND(J7*E8,2) -> 4909.24 | K8: =ROUND(K7*E8,2) -> 4909.24 | L8: =SUM(F8:K8) -> 29486.12 | M8: =L8-E8 -> -31879.4
A9: =PLAN!A13 -> 2 | C9: =PLAN!C13 -> SERVIÇOS PRELIMINARES | D9: Físico % | E9: =ROUND((E10/$E$56),4) -> 0.0229 | F9: 0.1034 | G9: 0.0815 | H9: 0.0815 | I9: 0.0815 | J9: 0.0815 | K9: 0.0815 | L9: =SUM(F9:K9) -> 0.5109
D10: Financeiro | E10: =PLAN!I15 -> 35506.87 | F10: =ROUND(F9*E10,2) -> 3671.41 | G10: =ROUND(G9*E10,2) -> 2893.81 | H10: =ROUND(H9*E10,2) -> 2893.81 | I10: =ROUND(I9*E10,2) -> 2893.81 | J10: =ROUND(J9*E10,2) -> 2893.81 | K10: =ROUND(K9*E10,2) -> 2893.81 | L10: =SUM(F10:K10) -> 18140.46 | M10: =L10-E10 -> -17366.41
A11: =PLAN!A16 -> 3 | C11: =PLAN!C16 -> SERVIÇOS DIVERSOS | D11: Físico % | E11: =ROUND((E12/$E$56),4) -> 0 | L11: =SUM(F11:K11) -> 0
D12: Financeiro | F12: =ROUND(F11*E12,2) -> 0 | G12: =ROUND(G11*E12,2) -> 0 | H12: =ROUND(H11*E12,2) -> 0 | I12: =ROUND(I11*E12,2) -> 0 | J12: =ROUND(J11*E12,2) -> 0 | K12: =ROUND(K11*E12,2) -> 0 | L12: =SUM(F12:K12) -> 0 | M12: =L12-E12 -> 0
A13: =PLAN!A17 -> 3.1 | C13: =PLAN!C17 -> DESLOCAMENTO E TRANSPORTE | D13: Físico % | E13: =ROUND((E14/$E$56),4) -> 0.0194 | F13: 0.08 | G13: 0.08 | H13: 0.08 | I13: 0.08 | J13: 0.08 | K13: 0.08 | L13: =SUM(F13:K13) -> 0.48
D14: Financeiro | E14: =PLAN!I19 -> 30086.88 | F14: =ROUND(F13*E14,2) -> 2406.95 | G14: =ROUND(G13*E14,2) -> 2406.95 | H14: =ROUND(H13*E14,2) -> 2406.95 | I14: =ROUND(I13*E14,2) -> 2406.95 | J14: =ROUND(J13*E14,2) -> 2406.95 | K14: =ROUND(K13*E14,2) -> 2406.95 | L14: =SUM(F14:K14) -> 14441.7 | M14: =L14-E14 -> -15645.18
A15: =PLAN!A20 -> 3.2 | C15: =PLAN!C20 -> RECOMPOSIÇÃO DE CALÇAMENTO EXISTENTE | D15: Físico % | E15: =ROUND((E16/$E$56),4) -> 0.5652 | F15: 0.08 | G15: 0.08 | H15: 0.08 | I15: 0.08 | J15: 0.08 | K15: 0.08 | L15: =SUM(F15:K15) -> 0.48
D16: Financeiro | E16: =PLAN!I30 -> 876652.24 | F16: =ROUND(F15*E16,2) -> 70132.18 | G16: =ROUND(G15*E16,2) -> 70132.18 | H16: =ROUND(H15*E16,2) -> 70132.18 | I16: =ROUND(I15*E16,2) -> 70132.18 | J16: =ROUND(J15*E16,2) -> 70132.18 | K16: =ROUND(K15*E16,2) -> 70132.18 | L16: =SUM(F16:K16) -> 420793.08 | M16: =L16-E16 -> -455859.16
A17: =PLAN!A31 -> 3.3 | C17: =PLAN!C31 -> EXECUÇÃO DE QUEBRA-MOLAS | D17: Físico % | E17: =ROUND((E18/$E$56),4) -> 0.0522 | F17: 0.08 | G17: 0.08 | H17: 0.08 | I17: 0.08 | J17: 0.08 | K17: 0.08 | L17: =SUM(F17:K17) -> 0.48
D18: Financeiro | E18: =PLAN!I33 -> 80881.43 | F18: =ROUND(F17*E18,2) -> 6470.51 | G18: =ROUND(G17*E18,2) -> 6470.51 | H18: =ROUND(H17*E18,2) -> 6470.51 | I18: =ROUND(I17*E18,2) -> 6470.51 | J18: =ROUND(J17*E18,2) -> 6470.51 | K18: =ROUND(K17*E18,2) -> 6470.51 | L18: =SUM(F18:K18) -> 38823.06 | M18: =L18-E18 -> -42058.37
A19: =PLAN!A34 -> 3.4 | C19: =PLAN!C34 -> TRAVAMENTO EXTERNO DE MEIO-FIOS EXISTENTES | D19: Físico % | E19: =ROUND((E20/$E$56),4) -> 0.0422 | F19: 0.08 | G19: 0.08 | H19: 0.08 | I19: 0.08 | J19: 0.08 | K19: 0.08 | L19: =SUM(F19:K19) -> 0.48
D20: Financeiro | E20: =PLAN!I36 -> 65430 | F20: =ROUND(F19*E20,2) -> 5234.4 | G20: =ROUND(G19*E20,2) -> 5234.4 | H20: =ROUND(H19*E20,2) -> 5234.4 | I20: =ROUND(I19*E20,2) -> 5234.4 | J20: =ROUND(J19*E20,2) -> 5234.4 | K20: =ROUND(K19*E20,2) -> 5234.4 | L20: =SUM(F20:K20) -> 31406.4 | M20: =L20-E20 -> -34023.6
A21: =PLAN!A37 -> 3.5 | C21: =PLAN!C37 -> DRENAGEM PLUVIAL | D21: Físico % | E21: =ROUND((E22/$E$56),4) -> 0.0989 | F21: 0.08 | G21: 0.08 | H21: 0.08 | I21: 0.08 | J21: 0.08 | K21: 0.08 | L21: =SUM(F21:K21) -> 0.48
D22: Financeiro | E22: =PLAN!I48 -> 153354.39 | F22: =ROUND(F21*E22,2) -> 12268.35 | G22: =ROUND(G21*E22,2) -> 12268.35 | H22: =ROUND(H21*E22,2) -> 12268.35 | I22: =ROUND(I21*E22,2) -> 12268.35 | J22: =ROUND(J21*E22,2) -> 12268.35 | K22: =ROUND(K21*E22,2) -> 12268.35 | L22: =SUM(F22:K22) -> 73610.1 | M22: =L22-E22 -> -79744.29
A23: =PLAN!A49 -> 3.6 | C23: =PLAN!C49 -> CERCAMENTO EM MOURÕES DE MADEIRA E ARAME FARPADO | D23: Físico % | E23: =ROUND((E24/$E$56),4) -> 0.0232 | F23: 0.08 | G23: 0.08 | H23: 0.08 | I23: 0.08 | J23: 0.08 | K23: 0.08 | L23: =SUM(F23:K23) -> 0.48
D24: Financeiro | E24: =PLAN!I53 -> 36049.3 | F24: =ROUND(F23*E24,2) -> 2883.94 | G24: =ROUND(G23*E24,2) -> 2883.94 | H24: =ROUND(H23*E24,2) -> 2883.94 | I24: =ROUND(I23*E24,2) -> 2883.94 | J24: =ROUND(J23*E24,2) -> 2883.94 | K24: =ROUND(K23*E24,2) -> 2883.94 | L24: =SUM(F24:K24) -> 17303.64 | M24: =L24-E24 -> -18745.66
A25: =PLAN!A54 -> 3.7 | C25: =PLAN!C54 -> PASSEIOS DE CONCRETO P/ ESCOAMENTO DAS ÁGUAS PLUVIAIS DOS TALUDES | D25: Físico % | E25: =ROUND((E26/$E$56),4) -> 0.005 | F25: 0.08 | G25: 0.08 | H25: 0.08 | I25: 0.08 | J25: 0.08 | K25: 0.08 | L25: =SUM(F25:K25) -> 0.48
D26: Financeiro | E26: =PLAN!I57 -> 7819.5 | F26: =ROUND(F25*E26,2) -> 625.56 | G26: =ROUND(G25*E26,2) -> 625.56 | H26: =ROUND(H25*E26,2) -> 625.56 | I26: =ROUND(I25*E26,2) -> 625.56 | J26: =ROUND(J25*E26,2) -> 625.56 | K26: =ROUND(K25*E26,2) -> 625.56 | L26: =SUM(F26:K26) -> 3753.36 | M26: =L26-E26 -> -4066.14
A27: =PLAN!A58 -> 3.8 | C27: =PLAN!C58 -> LIMPEZA GERAL E OUTROS SERVIÇOS EM VIAS PÚBLICAS | D27: Físico % | E27: =ROUND((E28/$E$56),4) -> 0.1314 | F27: 0.08 | G27: 0.08 | H27: 0.08 | I27: 0.08 | J27: 0.08 | K27: 0.08 | L27: =SUM(F27:K27) -> 0.48
D28: Financeiro | E28: =PLAN!I67 -> 203779.93 | F28: =ROUND(F27*E28,2) -> 16302.39 | G28: =ROUND(G27*E28,2) -> 16302.39 | H28: =ROUND(H27*E28,2) -> 16302.39 | I28: =ROUND(I27*E28,2) -> 16302.39 | J28: =ROUND(J27*E28,2) -> 16302.39 | K28: =ROUND(K27*E28,2) -> 16302.39 | L28: =SUM(F28:K28) -> 97814.34 | M28: =L28-E28 -> -105965.59
A29: =PLAN!A60 -> 3.8.2 | D29: Físico % | E29: =ROUND((E30/$E$56),4) -> 0 | L29: =SUM(F29:K29) -> 0
D30: Financeiro | F30: =ROUND(F29*E30,2) -> 0 | G30: =ROUND(G29*E30,2) -> 0 | H30: =ROUND(H29*E30,2) -> 0 | I30: =ROUND(I29*E30,2) -> 0 | J30: =ROUND(J29*E30,2) -> 0 | K30: =ROUND(K29*E30,2) -> 0 | L30: =SUM(F30:K30) -> 0 | M30: =L30-E30 -> 0
D31: Físico % | E31: =ROUND((E32/$E$56),4) -> 0 | L31: =SUM(F31:K31) -> 0
D32: Financeiro | F32: =ROUND(F31*E32,2) -> 0 | G32: =ROUND(G31*E32,2) -> 0 | H32: =ROUND(H31*E32,2) -> 0 | I32: =ROUND(I31*E32,2) -> 0 | J32: =ROUND(J31*E32,2) -> 0 | K32: =ROUND(K31*E32,2) -> 0 | L32: =SUM(F32:K32) -> 0 | M32: =L32-E32 -> 0
D33: Físico % | E33: =ROUND((E34/$E$56),4) -> 0 | L33: =SUM(F33:K33) -> 0
D34: Financeiro | F34: =ROUND(F33*E34,2) -> 0 | G34: =ROUND(G33*E34,2) -> 0 | H34: =ROUND(H33*E34,2) -> 0 | I34: =ROUND(I33*E34,2) -> 0 | J34: =ROUND(J33*E34,2) -> 0 | K34: =ROUND(K33*E34,2) -> 0 | L34: =SUM(F34:K34) -> 0 | M34: =L34-E34 -> 0
D35: Físico % | E35: =ROUND((E36/$E$56),4) -> 0 | L35: =SUM(F35:K35) -> 0
D36: Financeiro | F36: =ROUND(F35*E36,2) -> 0 | G36: =ROUND(G35*E36,2) -> 0 | H36: =ROUND(H35*E36,2) -> 0 | I36: =ROUND(I35*E36,2) -> 0 | J36: =ROUND(J35*E36,2) -> 0 | K36: =ROUND(K35*E36,2) -> 0 | L36: =SUM(F36:K36) -> 0 | M36: =L36-E36 -> 0
D37: Físico % | E37: =ROUND((E38/$E$56),4) -> 0 | L37: =SUM(F37:K37) -> 0
D38: Financeiro | F38: =ROUND(F37*E38,2) -> 0 | G38: =ROUND(G37*E38,2) -> 0 | H38: =ROUND(H37*E38,2) -> 0 | I38: =ROUND(I37*E38,2) -> 0 | J38: =ROUND(J37*E38,2) -> 0 | K38: =ROUND(K37*E38,2) -> 0 | L38: =SUM(F38:K38) -> 0 | M38: =L38-E38 -> 0
D39: Físico % | E39: =ROUND((E40/$E$56),4) -> 0 | L39: =SUM(F39:K39) -> 0
D40: Financeiro | F40: =ROUND(F39*E40,2) -> 0 | G40: =ROUND(G39*E40,2) -> 0 | H40: =ROUND(H39*E40,2) -> 0 | I40: =ROUND(I39*E40,2) -> 0 | J40: =ROUND(J39*E40,2) -> 0 | K40: =ROUND(K39*E40,2) -> 0 | L40: =SUM(F40:K40) -> 0 | M40: =L40-E40 -> 0
D41: Físico % | E41: =ROUND((E42/$E$56),4) -> 0 | L41: =SUM(F41:K41) -> 0
D42: Financeiro | F42: =ROUND(F41*E42,2) -> 0 | G42: =ROUND(G41*E42,2) -> 0 | H42: =ROUND(H41*E42,2) -> 0 | I42: =ROUND(I41*E42,2) -> 0 | J42: =ROUND(J41*E42,2) -> 0 | K42: =ROUND(K41*E42,2) -> 0 | L42: =SUM(F42:K42) -> 0 | M42: =L42-E42 -> 0
D43: Físico % | E43: =ROUND((E44/$E$56),4) -> 0 | L43: =SUM(F43:K43) -> 0
D44: Financeiro | F44: =ROUND(F43*E44,2) -> 0 | G44: =ROUND(G43*E44,2) -> 0 | H44: =ROUND(H43*E44,2) -> 0 | I44: =ROUND(I43*E44,2) -> 0 | J44: =ROUND(J43*E44,2) -> 0 | K44: =ROUND(K43*E44,2) -> 0 | L44: =SUM(F44:K44) -> 0 | M44: =L44-E44 -> 0
D45: Físico % | E45: =ROUND((E46/$E$56),4) -> 0 | L45: =SUM(F45:K45) -> 0
D46: Financeiro | F46: =ROUND(F45*E46,2) -> 0 | G46: =ROUND(G45*E46,2) -> 0 | H46: =ROUND(H45*E46,2) -> 0 | I46: =ROUND(I45*E46,2) -> 0 | J46: =ROUND(J45*E46,2) -> 0 | K46: =ROUND(K45*E46,2) -> 0 | L46: =SUM(F46:K46) -> 0 | M46: =L46-E46 -> 0
D47: Físico % | E47: =ROUND((E48/$E$56),4) -> 0 | L47: =SUM(F47:K47) -> 0
D48: Financeiro | F48: =ROUND(F47*E48,2) -> 0 | G48: =ROUND(G47*E48,2) -> 0 | H48: =ROUND(H47*E48,2) -> 0 | I48: =ROUND(I47*E48,2) -> 0 | J48: =ROUND(J47*E48,2) -> 0 | K48: =ROUND(K47*E48,2) -> 0 | L48: =SUM(F48:K48) -> 0 | M48: =L48-E48 -> 0
D49: Físico % | E49: =ROUND((E50/$E$56),4) -> 0 | L49: =SUM(F49:K49) -> 0
D50: Financeiro | F50: =ROUND(F49*E50,2) -> 0 | G50: =ROUND(G49*E50,2) -> 0 | H50: =ROUND(H49*E50,2) -> 0 | I50: =ROUND(I49*E50,2) -> 0 | J50: =ROUND(J49*E50,2) -> 0 | K50: =ROUND(K49*E50,2) -> 0 | L50: =SUM(F50:K50) -> 0 | M50: =L50-E50 -> 0
D51: Físico % | E51: =ROUND((E52/$E$56),4) -> 0 | L51: =SUM(F51:K51) -> 0
D52: Financeiro | F52: =ROUND(F51*E52,2) -> 0 | G52: =ROUND(G51*E52,2) -> 0 | H52: =ROUND(H51*E52,2) -> 0 | I52: =ROUND(I51*E52,2) -> 0 | J52: =ROUND(J51*E52,2) -> 0 | K52: =ROUND(K51*E52,2) -> 0 | L52: =SUM(F52:K52) -> 0 | M52: =L52-E52 -> 0
D53: Físico % | E53: =ROUND((E54/$E$56),4) -> 0 | L53: =SUM(F53:K53) -> 0
D54: Financeiro | F54: =ROUND(F53*E54,2) -> 0 | G54: =ROUND(G53*E54,2) -> 0 | H54: =ROUND(H53*E54,2) -> 0 | I54: =ROUND(I53*E54,2) -> 0 | J54: =ROUND(J53*E54,2) -> 0 | K54: =ROUND(K53*E54,2) -> 0 | L54: =SUM(F54:K54) -> 0 | M54: =L54-E54 -> 0
A55: TOTAL | D55: Físico % | E55: =E7+E9+E11+E13+E15+E17+E19+E21+E23+E25+E27+E29+E31+E33+E35+E37+E39+E41+E43+E45+E47+E49+E51+E53 -> 1 | F55: =ROUND(F56/$E$56,4) -> 0.0806 | G55: =ROUND(G56/$E$56,4) -> 0.08 | H55: =ROUND(H56/$E$56,4) -> 0.08 | I55: =ROUND(I56/$E$56,4) -> 0.08 | J55: =ROUND(J56/$E$56,4) -> 0.08 | K55: =ROUND(K56/$E$56,4) -> 0.08 | L55: =F55+G55+H55+I55+J55+K55 -> 0.4806
D56: Financeiro | E56: =E8+E10+E12+E14+E16+E18+E20+E22+E24+E26+E28+E30+E32+E34+E36+E38+E40+E42+E44+E46+E48+E50+E52+E54 -> 1550926.1 | F56: =F8+F10+F12+F14+F16+F18+F20+F22+F24+F26+F28+F30+F32+F34+F36+F38+F40+F42+F44+F46+F48+F50+F52+F54 -> 124935.61 | G56: =G8+G10+G12+G14+G16+G18+G20+G22+G24+G26+G28+G30+G32+G34+G36+G38+G40+G42+G44+G46+G48+G50+G52+G54 -> 124127.33 | H56: =H8+H10+H12+H14+H16+H18+H20+H22+H24+H26+H28+H30+H32+H34+H36+H38+H40+H42+H44+H46+H48+H50+H52+H54 -> 124127.33 | I56: =I8+I10+I12+I14+I16+I18+I20+I22+I24+I26+I28+I30+I32+I34+I36+I38+I40+I42+I44+I46+I48+I50+I52+I54 -> 124127.33 | J56: =J8+J10+J12+J14+J16+J18+J20+J22+J24+J26+J28+J30+J32+J34+J36+J38+J40+J42+J44+J46+J48+J50+J52+J54 -> 124127.33 | K56: =K8+K10+K12+K14+K16+K18+K20+K22+K24+K26+K28+K30+K32+K34+K36+K38+K40+K42+K44+K46+K48+K50+K52+K54 -> 124127.33 | L56: =F56+G56+H56+I56+J56+K56 -> 745572.26
B59: Eng. Civil WILSON DIAS DA FONSECA JÚNIOR | E59: 61/924 / D
B60: Carimbo e assinatura do engenheiro responsável técnico pela elaboração do cronograma | E60: CREA
B63: Carimbo e assinatura do prefeito
E65: =PLAN!H77 -> 1777071.1

Sheet CRON2
F1: =F55 -> 0.08 | G1: =G55 -> 0.08 | H1: =H55 -> 0.08 | I1: =I55 -> 0.08 | J1: =J55 -> 0.08 | K1: =K55 -> 0.1194
A3: CRONOGRAMA FÍSICO-FINANCEIRO
A4: PREFEITURA MUNICIPAL DE SANTA CRUZ DO ESCALVADO | D4: VALOR DA OBRA: | E4: =PLAN!H77 -> 1777071.1 | I4: =PLAN!H4 -> DATA: 02/09/26
A5: =PLAN!A4 -> OBRA: SISTEMA DE REGISTRO DE PREÇOS P/ EXECUÇÃO DE SERVIÇOS DIVERSOS DE ENGENHARIA | D5: =PLAN!A5 -> LOCAL: VIAS PÚBLICAS DIVERSAS DO MUNICÍPIO DE SANTA CRUZ DO ESCALVADO (MG) | I5: =PLAN!A7 -> PRAZO EXECUÇÃO: | J5: =PLAN!C7 -> 12 (doze) meses
A6: ITEM | B6: CÓDIGO | C6: ETAPAS/DESCRIÇÃO | D6: FÍSICO/ FINANCEIRO | E6: TOTAL ETAPAS | F6: MÊS 7 | G6: MÊS 8 | H6: MÊS 9 | I6: MÊS 10 | J6: MÊS 11 | K6: MÊS 12
A7: =CRON1!A7 -> 1 | C7: =CRON1!C7 -> ADMINISTRAÇÃO LOCAL | D7: Físico % | E7: =(E8/$E$56) -> 0.039567018 | F7: 0.08 | G7: 0.08 | H7: 0.08 | I7: 0.08 | J7: 0.08 | K7: 0.1195 | L7: =SUM(F7:K7)+CRON1!L7 -> 1
D8: Financeiro | E8: =CRON1!E8 -> 61365.52 | F8: =ROUND(F7*E8,2) -> 4909.24 | G8: =ROUND(G7*E8,2) -> 4909.24 | H8: =ROUND(H7*E8,2) -> 4909.24 | I8: =ROUND(I7*E8,2) -> 4909.24 | J8: =ROUND(J7*E8,2) -> 4909.24 | K8: =ROUND(K7*E8,2)+0.02 -> 7333.2 | L8: =SUM(F8:K8)+CRON1!L8 -> 61365.52 | M8: =L8-E8 -> 0
A9: =CRON1!A9 -> 2 | C9: =CRON1!C9 -> SERVIÇOS PRELIMINARES | D9: Físico % | E9: =(E10/$E$56) -> 0.02289398 | F9: 0.0815 | G9: 0.0815 | H9: 0.0815 | I9: 0.0815 | J9: 0.0815 | K9: 0.0816 | L9: =SUM(F9:K9)+CRON1!L9 -> 1
D10: Financeiro | E10: =CRON1!E10 -> 35506.87 | F10: =ROUND(F9*E10,2) -> 2893.81 | G10: =ROUND(G9*E10,2) -> 2893.81 | H10: =ROUND(H9*E10,2) -> 2893.81 | I10: =ROUND(I9*E10,2) -> 2893.81 | J10: =ROUND(J9*E10,2) -> 2893.81 | K10: =ROUND(K9*E10,2) -> 2897.36 | L10: =SUM(F10:K10)+CRON1!L10 -> 35506.87 | M10: =L10-E10 -> 0
A11: =CRON1!A11 -> 3 | C11: =CRON1!C11 -> SERVIÇOS DIVERSOS | D11: Físico % | E11: =(E12/$E$56) -> 0 | L11: =SUM(F11:K11)+CRON1!L11 -> 0
D12: Financeiro | E12: =CRON1!E12 -> 0 | F12: =ROUND(F11*E12,2) -> 0 | G12: =ROUND(G11*E12,2) -> 0 | H12: =ROUND(H11*E12,2) -> 0 | I12: =ROUND(I11*E12,2) -> 0 | J12: =ROUND(J11*E12,2) -> 0 | K12: =ROUND(K11*E12,2) -> 0 | L12: =SUM(F12:K12)+CRON1!L12 -> 0 | M12: =L12-E12 -> 0
A13: =CRON1!A13 -> 3.1 | C13: =CRON1!C13 -> DESLOCAMENTO E TRANSPORTE | D13: Físico % | E13: =(E14/$E$56) -> 0.0193993 | F13: 0.08 | G13: 0.08 | H13: 0.08 | I13: 0.08 | J13: 0.08 | K13: 0.12 | L13: =SUM(F13:K13)+CRON1!L13 -> 1
D14: Financeiro | E14: =CRON1!E14 -> 30086.88 | F14: =ROUND(F13*E14,2) -> 2406.95 | G14: =ROUND(G13*E14,2) -> 2406.95 | H14: =ROUND(H13*E14,2) -> 2406.95 | I14: =ROUND(I13*E14,2) -> 2406.95 | J14: =ROUND(J13*E14,2) -> 2406.95 | K14: =ROUND(K13*E14,2) -> 3610.43 | L14: =SUM(F14:K14)+CRON1!L14 -> 30086.88 | M14: =L14-E14 -> 0
A15: =CRON1!A15 -> 3.2 | C15: =CRON1!C15 -> RECOMPOSIÇÃO DE CALÇAMENTO EXISTENTE | D15: Físico % | E15: =(E16/$E$56) -> 0.56524438 | F15: 0.08 | G15: 0.08 | H15: 0.08 | I15: 0.08 | J15: 0.08 | K15: 0.12 | L15: =SUM(F15:K15)+CRON1!L15 -> 1
D16: Financeiro | E16: =CRON1!E16 -> 876652.24 | F16: =ROUND(F15*E16,2) -> 70132.18 | G16: =ROUND(G15*E16,2) -> 70132.18 | H16: =ROUND(H15*E16,2) -> 70132.18 | I16: =ROUND(I15*E16,2) -> 70132.18 | J16: =ROUND(J15*E16,2) -> 70132.18 | K16: =ROUND(K15*E16,2)-0.01 -> 105198.26 | L16: =SUM(F16:K16)+CRON1!L16 -> 876652.24 | M16: =L16-E16 -> 0
A17: =CRON1!A17 -> 3.3 | C17: =CRON1!C17 -> EXECUÇÃO DE QUEBRA-MOLAS | D17: Físico % | E17: =(E18/$E$56) -> 0.05215041 | F17: 0.08 | G17: 0.08 | H17: 0.08 | I17: 0.08 | J17: 0.08 | K17: 0.12 | L17: =SUM(F17:K17)+CRON1!L17 -> 1
D18: Financeiro | E18: =CRON1!E18 -> 80881.43 | F18: =ROUND(F17*E18,2) -> 6470.51 | G18: =ROUND(G17*E18,2) -> 6470.51 | H18: =ROUND(H17*E18,2) -> 6470.51 | I18: =ROUND(I17*E18,2) -> 6470.51 | J18: =ROUND(J17*E18,2) -> 6470.51 | K18: =ROUND(K17*E18,2)+0.05 -> 9705.82 | L18: =SUM(F18:K18)+CRON1!L18 -> 80881.43 | M18: =L18-E18 -> 0
A19: =CRON1!A19 -> 3.4 | C19: =CRON1!C19 -> TRAVAMENTO EXTERNO DE MEIO-FIOS EXISTENTES | D19: Físico % | E19: =(E20/$E$56) -> 0.042187698 | F19: 0.08 | G19: 0.08 | H19: 0.08 | I19: 0.08 | J19: 0.08 | K19: 0.12 | L19: =SUM(F19:K19)+CRON1!L19 -> 1
D20: Financeiro | E20: =CRON1!E20 -> 65430 | F20: =ROUND(F19*E20,2) -> 5234.4 | G20: =ROUND(G19*E20,2) -> 5234.4 | H20: =ROUND(H19*E20,2) -> 5234.4 | I20: =ROUND(I19*E20,2) -> 5234.4 | J20: =ROUND(J19*E20,2) -> 5234.4 | K20: =ROUND(K19*E20,2) -> 7851.6 | L20: =SUM(F20:K20)+CRON1!L20 -> 65430 | M20: =L20-E20 -> 0
A21: =CRON1!A21 -> 3.5 | C21: =CRON1!C21 -> DRENAGEM PLUVIAL | D21: Físico % | E21: =(E22/$E$56) -> 0.09887924 | F21: 0.08 | G21: 0.08 | H21: 0.08 | I21: 0.08 | J21: 0.08 | K21: 0.12 | L21: =SUM(F21:K21)+CRON1!L21 -> 1
D22: Financeiro | E22: =CRON1!E22 -> 153354.39 | F22: =ROUND(F21*E22,2) -> 12268.35 | G22: =ROUND(G21*E22,2) -> 12268.35 | H22: =ROUND(H21*E22,2) -> 12268.35 | I22: =ROUND(I21*E22,2) -> 12268.35 | J22: =ROUND(J21*E22,2) -> 12268.35 | K22: =ROUND(K21*E22,2)+0.01 -> 18402.54 | L22: =SUM(F22:K22)+CRON1!L22 -> 153354.39 | M22: =L22-E22 -> 0
A23: =CRON1!A23 -> 3.6 | C23: =CRON1!C23 -> CERCAMENTO EM MOURÕES DE MADEIRA E ARAME FARPADO | D23: Físico % | E23: =(E24/$E$56) -> 0.023243726 | F23: 0.08 | G23: 0.08 | H23: 0.08 | I23: 0.08 | J23: 0.08 | K23: 0.12 | L23: =SUM(F23:K23)+CRON1!L23 -> 1
D24: Financeiro | E24: =CRON1!E24 -> 36049.3 | F24: =ROUND(F23*E24,2) -> 2883.94 | G24: =ROUND(G23*E24,2) -> 2883.94 | H24: =ROUND(H23*E24,2) -> 2883.94 | I24: =ROUND(I23*E24,2) -> 2883.94 | J24: =ROUND(J23*E24,2) -> 2883.94 | K24: =ROUND(K23*E24,2)+0.04 -> 4325.96 | L24: =SUM(F24:K24)+CRON1!L24 -> 36049.3 | M24: =L24-E24 -> 0
A25: =CRON1!A25 -> 3.7 | C25: =CRON1!C25 -> PASSEIOS DE CONCRETO P/ ESCOAMENTO DAS ÁGUAS PLUVIAIS DOS TALUDES | D25: Físico % | E25: =(E26/$E$56) -> 0.0050418264 | F25: 0.08 | G25: 0.08 | H25: 0.08 | I25: 0.08 | J25: 0.08 | K25: 0.12 | L25: =SUM(F25:K25)+CRON1!L25 -> 1
D26: Financeiro | E26: =CRON1!E26 -> 7819.5 | F26: =ROUND(F25*E26,2) -> 625.56 | G26: =ROUND(G25*E26,2) -> 625.56 | H26: =ROUND(H25*E26,2) -> 625.56 | I26: =ROUND(I25*E26,2) -> 625.56 | J26: =ROUND(J25*E26,2) -> 625.56 | K26: =ROUND(K25*E26,2) -> 938.34 | L26: =SUM(F26:K26)+CRON1!L26 -> 7819.5 | M26: =L26-E26 -> 0
A27: =CRON1!A27 -> 3.8 | C27: =CRON1!C27 -> LIMPEZA GERAL E OUTROS SERVIÇOS EM VIAS PÚBLICAS | D27: Físico % | E27: =(E28/$E$56) -> 0.13139242 | F27: 0.08 | G27: 0.08 | H27: 0.08 | I27: 0.08 | J27: 0.08 | K27: 0.12 | L27: =SUM(F27:K27)+CRON1!L27 -> 1
D28: Financeiro | E28: =CRON1!E28 -> 203779.93 | F28: =ROUND(F27*E28,2) -> 16302.39 | G28: =ROUND(G27*E28,2) -> 16302.39 | H28: =ROUND(H27*E28,2) -> 16302.39 | I28: =ROUND(I27*E28,2) -> 16302.39 | J28: =ROUND(J27*E28,2) -> 16302.39 | K28: =ROUND(K27*E28,2)+0.05 -> 24453.64 | L28: =SUM(F28:K28)+CRON1!L28 -> 203779.93 | M28: =L28-E28 -> 0
D29: Físico % | E29: =(E30/$E$56) -> 0 | L29: =SUM(F29:K29)+CRON1!L29 -> 0
D30: Financeiro | F30: =ROUND(F29*E30,2) -> 0 | G30: =ROUND(G29*E30,2) -> 0 | H30: =ROUND(H29*E30,2) -> 0 | I30: =ROUND(I29*E30,2) -> 0 | J30: =ROUND(J29*E30,2) -> 0 | K30: =ROUND(K29*E30,2) -> 0 | L30: =SUM(F30:K30)+CRON1!L30 -> 0 | M30: =L30-E30 -> 0
D31: Físico % | E31: =(E32/$E$56) -> 0 | L31: =SUM(F31:K31)+CRON1!L31 -> 0
D32: Financeiro | F32: =ROUND(F31*E32,2) -> 0 | G32: =ROUND(G31*E32,2) -> 0 | H32: =ROUND(H31*E32,2) -> 0 | I32: =ROUND(I31*E32,2) -> 0 | J32: =ROUND(J31*E32,2) -> 0 | K32: =ROUND(K31*E32,2) -> 0 | L32: =SUM(F32:K32)+CRON1!L32 -> 0 | M32: =L32-E32 -> 0
D33: Físico % | E33: =(E34/$E$56) -> 0 | L33: =SUM(F33:K33)+CRON1!L33 -> 0
D34: Financeiro | F34: =ROUND(F33*E34,2) -> 0 | G34: =ROUND(G33*E34,2) -> 0 | H34: =ROUND(H33*E34,2) -> 0 | I34: =ROUND(I33*E34,2) -> 0 | J34: =ROUND(J33*E34,2) -> 0 | K34: =ROUND(K33*E34,2) -> 0 | L34: =SUM(F34:K34)+CRON1!L34 -> 0 | M34: =L34-E34 -> 0
D35: Físico % | E35: =(E36/$E$56) -> 0 | L35: =SUM(F35:K35)+CRON1!L35 -> 0
D36: Financeiro | F36: =ROUND(F35*E36,2) -> 0 | G36: =ROUND(G35*E36,2) -> 0 | H36: =ROUND(H35*E36,2) -> 0 | I36: =ROUND(I35*E36,2) -> 0 | J36: =ROUND(J35*E36,2) -> 0 | K36: =ROUND(K35*E36,2) -> 0 | L36: =SUM(F36:K36)+CRON1!L36 -> 0 | M36: =L36-E36 -> 0
D37: Físico % | E37: =(E38/$E$56) -> 0 | L37: =SUM(F37:K37)+CRON1!L37 -> 0
D38: Financeiro | F38: =ROUND(F37*E38,2) -> 0 | G38: =ROUND(G37*E38,2) -> 0 | H38: =ROUND(H37*E38,2) -> 0 | I38: =ROUND(I37*E38,2) -> 0 | J38: =ROUND(J37*E38,2) -> 0 | K38: =ROUND(K37*E38,2) -> 0 | L38: =SUM(F38:K38)+CRON1!L38 -> 0 | M38: =L38-E38 -> 0
D39: Físico % | E39: =(E40/$E$56) -> 0 | L39: =SUM(F39:K39)+CRON1!L39 -> 0
D40: Financeiro | F40: =ROUND(F39*E40,2) -> 0 | G40: =ROUND(G39*E40,2) -> 0 | H40: =ROUND(H39*E40,2) -> 0 | I40: =ROUND(I39*E40,2) -> 0 | J40: =ROUND(J39*E40,2) -> 0 | K40: =ROUND(K39*E40,2) -> 0 | L40: =SUM(F40:K40)+CRON1!L40 -> 0 | M40: =L40-E40 -> 0
D41: Físico % | E41: =(E42/$E$56) -> 0 | L41: =SUM(F41:K41)+CRON1!L41 -> 0
D42: Financeiro | F42: =ROUND(F41*E42,2) -> 0 | G42: =ROUND(G41*E42,2) -> 0 | H42: =ROUND(H41*E42,2) -> 0 | I42: =ROUND(I41*E42,2) -> 0 | J42: =ROUND(J41*E42,2) -> 0 | K42: =ROUND(K41*E42,2) -> 0 | L42: =SUM(F42:K42)+CRON1!L42 -> 0 | M42: =L42-E42 -> 0
D43: Físico % | E43: =(E44/$E$56) -> 0 | L43: =SUM(F43:K43)+CRON1!L43 -> 0
D44: Financeiro | F44: =ROUND(F43*E44,2) -> 0 | G44: =ROUND(G43*E44,2) -> 0 | H44: =ROUND(H43*E44,2) -> 0 | I44: =ROUND(I43*E44,2) -> 0 | J44: =ROUND(J43*E44,2) -> 0 | K44: =ROUND(K43*E44,2) -> 0 | L44: =SUM(F44:K44)+CRON1!L44 -> 0 | M44: =L44-E44 -> 0
D45: Físico % | E45: =(E46/$E$56) -> 0 | L45: =SUM(F45:K45)+CRON1!L45 -> 0
D46: Financeiro | F46: =ROUND(F45*E46,2) -> 0 | G46: =ROUND(G45*E46,2) -> 0 | H46: =ROUND(H45*E46,2) -> 0 | I46: =ROUND(I45*E46,2) -> 0 | J46: =ROUND(J45*E46,2) -> 0 | K46: =ROUND(K45*E46,2) -> 0 | L46: =SUM(F46:K46)+CRON1!L46 -> 0 | M46: =L46-E46 -> 0
D47: Físico % | E47: =(E48/$E$56) -> 0 | L47: =SUM(F47:K47)+CRON1!L47 -> 0
D48: Financeiro | F48: =ROUND(F47*E48,2) -> 0 | G48: =ROUND(G47*E48,2) -> 0 | H48: =ROUND(H47*E48,2) -> 0 | I48: =ROUND(I47*E48,2) -> 0 | J48: =ROUND(J47*E48,2) -> 0 | K48: =ROUND(K47*E48,2) -> 0 | L48: =SUM(F48:K48)+CRON1!L48 -> 0 | M48: =L48-E48 -> 0
D49: Físico % | E49: =(E50/$E$56) -> 0 | L49: =SUM(F49:K49)+CRON1!L49 -> 0
D50: Financeiro | F50: =ROUND(F49*E50,2) -> 0 | G50: =ROUND(G49*E50,2) -> 0 | H50: =ROUND(H49*E50,2) -> 0 | I50: =ROUND(I49*E50,2) -> 0 | J50: =ROUND(J49*E50,2) -> 0 | K50: =ROUND(K49*E50,2) -> 0 | L50: =SUM(F50:K50)+CRON1!L50 -> 0 | M50: =L50-E50 -> 0
D51: Físico % | E51: =(E52/$E$56) -> 0 | L51: =SUM(F51:K51)+CRON1!L51 -> 0
D52: Financeiro | F52: =ROUND(F51*E52,2) -> 0 | G52: =ROUND(G51*E52,2) -> 0 | H52: =ROUND(H51*E52,2) -> 0 | I52: =ROUND(I51*E52,2) -> 0 | J52: =ROUND(J51*E52,2) -> 0 | K52: =ROUND(K51*E52,2) -> 0 | L52: =SUM(F52:K52)+CRON1!L52 -> 0 | M52: =L52-E52 -> 0
D53: Físico % | E53: =(E54/$E$56) -> 0 | L53: =SUM(F53:K53)+CRON1!L53 -> 0
D54: Financeiro | F54: =ROUND(F53*E54,2) -> 0 | G54: =ROUND(G53*E54,2) -> 0 | H54: =ROUND(H53*E54,2) -> 0 | I54: =ROUND(I53*E54,2) -> 0 | J54: =ROUND(J53*E54,2) -> 0 | K54: =ROUND(K53*E54,2) -> 0 | L54: =SUM(F54:K54)+CRON1!L54 -> 0 | M54: =L54-E54 -> 0
A55: TOTAL | D55: Físico % | E55: =E7+E9+E11+E13+E15+E17+E19+E21+E23+E25+E27+E29+E31+E33+E35+E37+E39+E41+E43+E45+E47+E49+E51+E53 -> 1 | F55: =ROUND(F56/$E$56,4) -> 0.08 | G55: =ROUND(G56/$E$56,4) -> 0.08 | H55: =ROUND(H56/$E$56,4) -> 0.08 | I55: =ROUND(I56/$E$56,4) -> 0.08 | J55: =ROUND(J56/$E$56,4) -> 0.08 | K55: =ROUND(K56/$E$56,4)+0.0003 -> 0.1194 | L55: =F55+G55+H55+I55+J55+K55+CRON1!L55 -> 1
D56: Financeiro | E56: =E8+E10+E12+E14+E16+E18+E20+E22+E24+E26+E28+E30+E32+E34+E36+E38+E40+E42+E44+E46+E48+E50+E52+E54 -> 1550926.1 | F56: =F8+F10+F12+F14+F16+F18+F20+F22+F24+F26+F28+F30+F32+F34+F36+F38+F40+F42+F44+F46+F48+F50+F52+F54 -> 124127.33 | G56: =G8+G10+G12+G14+G16+G18+G20+G22+G24+G26+G28+G30+G32+G34+G36+G38+G40+G42+G44+G46+G48+G50+G52+G54 -> 124127.33 | H56: =H8+H10+H12+H14+H16+H18+H20+H22+H24+H26+H28+H30+H32+H34+H36+H38+H40+H42+H44+H46+H48+H50+H52+H54 -> 124127.33 | I56: =I8+I10+I12+I14+I16+I18+I20+I22+I24+I26+I28+I30+I32+I34+I36+I38+I40+I42+I44+I46+I48+I50+I52+I54 -> 124127.33 | J56: =J8+J10+J12+J14+J16+J18+J20+J22+J24+J26+J28+J30+J32+J34+J36+J38+J40+J42+J44+J46+J48+J50+J52+J54 -> 124127.33 | K56: =K8+K10+K12+K14+K16+K18+K20+K22+K24+K26+K28+K30+K32+K34+K36+K38+K40+K42+K44+K46+K48+K50+K52+K54 -> 184717.15 | L56: =F56+G56+H56+I56+J56+K56+CRON1!L56 -> 1550926.1 | M56: =L56-E56 -> 0
B59: Eng. Civil WILSON DIAS DA FONSECA JÚNIOR | E59: 61/924 / D
B60: Carimbo e assinatura do engenheiro responsável técnico pela elaboração do cronograma | E60: CREA
B63: Carimbo e assinatura do prefeito
E65: =PLAN!H77 -> 1777071.1

Sheet FOTOS
A2: RELATÓRIO FOTOGRÁFICO - ANTES DA LICITAÇÃO
A3: =PLAN!A4 -> OBRA: SISTEMA DE REGISTRO DE PREÇOS P/ EXECUÇÃO DE SERVIÇOS DIVERSOS DE ENGENHARIA | L3: =PLAN!H4 -> DATA: 02/09/26
A4: =PLAN!A5 -> LOCAL: VIAS PÚBLICAS DIVERSAS DO MUNICÍPIO DE SANTA CRUZ DO ESCALVADO (MG)
C52: Eng. Civil WILSON DIAS DA FONSECA JÚNIOR | H52: 61.924 / D
C53: Carimbo e assinatura do engenheiro responsável técnico pela elaboração do cronograma | H53: CREA

Sheet BDI
A3: COMPOSIÇÃO ANALÍTICA DE LDI OU BDI
A5: Nº do Contrato de Repasse:
A6: Proponente:
A7: Empreendimento: | B7: =PLAN!A4 -> OBRA: SISTEMA DE REGISTRO DE PREÇOS P/ EXECUÇÃO DE SERVIÇOS DIVERSOS DE ENGENHARIA
A8: Tipo de Obra: | B8: Construção de Rodovias (Pavimentação Urbana) | F8: =IF(B8<>"","OK","PREENCHER") -> OK
A9: Base de Cálculo do ISS da Prefeitura: | B9: 0.6 | F9: =IF(B9<>"","OK","PREENCHER") -> OK
A10: Orçamento Desonerado? (Sim ou Não) | B10: SIM | F10: =IF(B10<>"","OK","PREENCHER") -> OK
A12: DESCRIÇÃO | B12: VALORES DE REFERÊNCIA - % | E12: BDI ADOTADO - %
B13: (1° Quartil) | C13: MÉDIA | D13: (3° Quartil)
A14: Administração Central | B14: =IF(ISERROR(VLOOKUP($B$8,'[2]Base dados - TCU 2622_2013'!$A$7:$V$14,2,)),"",VLOOKUP($B$8,'[2]Base dados - TCU 2622_2013'!$A$7:$V$14,2,)) -> 3.8 | C14: =IF(ISERROR(VLOOKUP($B$8,'[2]Base dados - TCU 2622_2013'!$A$7:$V$14,3,)),"",VLOOKUP($B$8,'[2]Base dados - TCU 2622_2013'!$A$7:$V$14,3,)) -> 4.01 | D14: =IF(ISERROR(VLOOKUP($B$8,'[2]Base dados - TCU 2622_2013'!$A$7:$V$14,4,)),"",VLOOKUP($B$8,'[2]Base dados - TCU 2622_2013'!$A$7:$V$14,4,)) -> 4.67 | E14: 4.01 | F14: =IF(AND(E14>=B14,E14<=D14),"OK","PREENCHER") -> OK
A15: Seguros e Garantias (*) | B15: =IF(ISERROR(VLOOKUP($B$8,'[2]Base dados - TCU 2622_2013'!$A$7:$V$14,5,)),"",VLOOKUP($B$8,'[2]Base dados - TCU 2622_2013'!$A$7:$V$14,5,)) -> 0.32 | C15: =IF(ISERROR(VLOOKUP($B$8,'[2]Base dados - TCU 2622_2013'!$A$7:$V$14,6,)),"",VLOOKUP($B$8,'[2]Base dados - TCU 2622_2013'!$A$7:$V$14,6,)) -> 0.4 | D15: =IF(ISERROR(VLOOKUP($B$8,'[2]Base dados - TCU 2622_2013'!$A$7:$V$14,7,)),"",VLOOKUP($B$8,'[2]Base dados - TCU 2622_2013'!$A$7:$V$14,7,)) -> 0.74 | E15: 0.4 | F15: =IF(AND(E15>=B15,E15<=D15),"OK","PREENCHER") -> OK
A16: Riscos | B16: =IF(ISERROR(VLOOKUP($B$8,'[2]Base dados - TCU 2622_2013'!$A$7:$V$14,8,)),"",VLOOKUP($B$8,'[2]Base dados - TCU 2622_2013'!$A$7:$V$14,8,)) -> 0.5 | C16: =IF(ISERROR(VLOOKUP($B$8,'[2]Base dados - TCU 2622_2013'!$A$7:$V$14,6,)),"",VLOOKUP($B$8,'[2]Base dados - TCU 2622_2013'!$A$7:$V$14,9,)) -> 0.56 | D16: =IF(ISERROR(VLOOKUP($B$8,'[2]Base dados - TCU 2622_2013'!$A$7:$V$14,7,)),"",VLOOKUP($B$8,'[2]Base dados - TCU 2622_2013'!$A$7:$V$14,10,)) -> 0.97 | E16: 0.56 | F16: =IF(AND(E16>=B16,E16<=D16),"OK","PREENCHER") -> OK
A17: Despesas Financeiras | B17: =IF(ISERROR(VLOOKUP($B$8,'[2]Base dados - TCU 2622_2013'!$A$7:$V$14,11,)),"",VLOOKUP($B$8,'[2]Base dados - TCU 2622_2013'!$A$7:$V$14,11,)) -> 1.02 | C17: =IF(ISERROR(VLOOKUP($B$8,'[2]Base dados - TCU 2622_2013'!$A$7:$V$14,12,)),"",VLOOKUP($B$8,'[2]Base dados - TCU 2622_2013'!$A$7:$V$14,12,)) -> 1.11 | D17: =IF(ISERROR(VLOOKUP($B$8,'[2]Base dados - TCU 2622_2013'!$A$7:$V$14,13,)),"",VLOOKUP($B$8,'[2]Base dados - TCU 2622_2013'!$A$7:$V$14,13,)) -> 1.21 | E17: 1.11 | F17: =IF(AND(E17>=B17,E17<=D17),"OK","PREENCHER") -> OK
A18: Lucro | B18: =IF(ISERROR(VLOOKUP($B$8,'[2]Base dados - TCU 2622_2013'!$A$7:$V$14,14,)),"",VLOOKUP($B$8,'[2]Base dados - TCU 2622_2013'!$A$7:$V$14,14,)) -> 6.64 | C18: =IF(ISERROR(VLOOKUP($B$8,'[2]Base dados - TCU 2622_2013'!$A$7:$V$14,15,)),"",VLOOKUP($B$8,'[2]Base dados - TCU 2622_2013'!$A$7:$V$14,15,)) -> 7.3 | D18: =IF(ISERROR(VLOOKUP($B$8,'[2]Base dados - TCU 2622_2013'!$A$7:$V$14,16,)),"",VLOOKUP($B$8,'[2]Base dados - TCU 2622_2013'!$A$7:$V$14,16,)) -> 8.69 | E18: 7.3 | F18: =IF(AND(E18>=B18,E18<=D18),"OK","PREENCHER") -> OK
A19: COFINS | B19: =IF(ISERROR(VLOOKUP($B$8,'[2]Base dados - TCU 2622_2013'!$A$7:$V$14,17,)),"",VLOOKUP($B$8,'[2]Base dados - TCU 2622_2013'!$A$7:$V$14,17,)) -> 3 | C19: =IF(ISERROR(VLOOKUP($B$8,'[2]Base dados - TCU 2622_2013'!$A$7:$V$14,17,)),"",VLOOKUP($B$8,'[2]Base dados - TCU 2622_2013'!$A$7:$V$14,17,)) -> 3 | D19: =IF(ISERROR(VLOOKUP($B$8,'[2]Base dados - TCU 2622_2013'!$A$7:$V$14,17,)),"",VLOOKUP($B$8,'[2]Base dados - TCU 2622_2013'!$A$7:$V$14,17,)) -> 3 | E19: 3 | F19: =IF(AND(E19>=B19,E19<=D19),"OK","PREENCHER") -> OK
A20: PIS | B20: =IF(ISERROR(VLOOKUP($B$8,'[2]Base dados - TCU 2622_2013'!$A$7:$V$14,18,)),"",VLOOKUP($B$8,'[2]Base dados - TCU 2622_2013'!$A$7:$V$14,18,)) -> 0.65 | C20: =IF(ISERROR(VLOOKUP($B$8,'[2]Base dados - TCU 2622_2013'!$A$7:$V$14,18,)),"",VLOOKUP($B$8,'[2]Base dados - TCU 2622_2013'!$A$7:$V$14,18,)) -> 0.65 | D20: =IF(ISERROR(VLOOKUP($B$8,'[2]Base dados - TCU 2622_2013'!$A$7:$V$14,18,)),"",VLOOKUP($B$8,'[2]Base dados - TCU 2622_2013'!$A$7:$V$14,18,)) -> 0.65 | E20: 0.65 | F20: =IF(AND(E20>=B20,E20<=D20),"OK","PREENCHER") -> OK
A21: ISS (**) | B21: =IF(ISERROR(VLOOKUP($B$8,'[2]Base dados - TCU 2622_2013'!$A$7:$V$14,19,)),"",VLOOKUP($B$8,'[2]Base dados - TCU 2622_2013'!$A$7:$V$14,19,)) -> 2 | C21: =IF(ISERROR(VLOOKUP($B$8,'[2]Base dados - TCU 2622_2013'!$A$7:$V$14,20,)),"",VLOOKUP($B$8,'[2]Base dados - TCU 2622_2013'!$A$7:$V$14,20,)) -> 3.5 | D21: =IF(ISERROR(VLOOKUP($B$8,'[2]Base dados - TCU 2622_2013'!$A$7:$V$14,21,)),"",VLOOKUP($B$8,'[2]Base dados - TCU 2622_2013'!$A$7:$V$14,21,)) -> 5 | E21: 3 | F21: =IF(AND(E21>=B21,E21<=D21),"OK","PREENCHER") -> OK
A22: =IF(B10="sim","CPRB - Alíquota 4,5% Receita Bruta (Desoneração)","") -> CPRB - Alíquota 4,5% Receita Bruta (Desoneração) | B22: =IF($A$22="CPRB - Alíquota 4,5% Receita Bruta (Desoneração)",4.5,IF($B$10="","Preencher cabeçalho",0)) -> 4.5 | C22: =IF($A$22="CPRB - Alíquota 4,5% Receita Bruta (Desoneração)",4.5,IF($B$10="","Preencher cabeçalho",0)) -> 4.5 | D22: =IF($A$22="CPRB - Alíquota 4,5% Receita Bruta (Desoneração)",4.5,IF($B$10="","Preencher cabeçalho",0)) -> 4.5 | E22: =IF(B10="SIM",4.5,0) -> 4.5 | F22: =IF(AND(E22>=B22,E22<=D22),"OK","PREENCHER") -> OK
A23: LIMITE BDI C/ DESONERAÇÃO | B23: =IF($B$10="SIM",E28,"") -> 25.57668 | C23: =IF($B$10="SIM",J27,"") -> 27.015142 | D23: =IF($B$10="SIM",L27,"") -> 30.438051 | E23: =IF(B10="SIM",IF(G23<12,"PREENCHER CÉLULAS RESTANTES",((((1+E14/100+E15/100+E16/100)*(1+E17/100)*(1+E18/100))/(1-((E19+E20+E21*$B$9+E22)/100))-1)*100)),"") -> 26.466446 | G23: =COUNTIF(F8:F22,"OK") -> 12
A24: LIMITE BDI S/ DESONERAÇÃO | B24: =IF(B8<>"",VLOOKUP($B$8,'[2]Base dados - TCU 2622_2013'!$A$7:$Y$14,23,),"") -> 19.6 | C24: =IF(B8<>"",VLOOKUP($B$8,'[2]Base dados - TCU 2622_2013'!$A$7:$Y$14,24,),"") -> 20.97 | D24: =IF(B8<>"",VLOOKUP($B$8,'[2]Base dados - TCU 2622_2013'!$A$7:$Y$14,25,),"") -> 24.23 | E24: =IF(B10="NÃO",IF(G23<12,"PREENCHER CÉLULAS RESTANTES",((((1+E14/100+E15/100+E16/100)*(1+E17/100)*(1+E18/100))/(1-((E19+E20+E21*$B$9)/100))-1)*100)),"") | F24: =IF(E26="ERRADO","BDI EXTRAPOLA A MAIS OU A MENOS OS LIMITES DO BDI ESTABELECIDOS PELO TCYU ACÓRDÃO 2622/2013","")
A25: Fonte da composição, valores de referência e fórmula do BDI: Acórdão 2622/2013-TCU-Plenário
A26: Desoneração: Lei n°13.161/2015 | D26: Verificação do BDI: | E26: =IF(B10="NÃO",(IF(E24>D24,"INADEQUADO",IF(E24<B24,"INADEQUADO","OK"))),IF(B10="SIM",(IF(E23>D23,"INADEQUADO",IF(E23<B23,"INADEQUADO","OK"))),"")) -> OK | F26: BDI S/ DESN
D27: =IF(B10="SIM","BDI s/ desoneração:","") -> BDI s/ desoneração: | E27: =IF(B10="SIM",((((1+E14/100+E15/100+E16/100)*(1+E17/100)*(1+E18/100))/(1-((E19+E20+E21*$B$9)/100))-1)*100),"") -> 20.447418 | F27: BDI C/ DESN | I27: =VLOOKUP($B$8,'[2]Base dados - TCU 2622_2013'!$A$7:$Y$14,23,) -> 19.6 | J27: =((1+K27/100)*(((0.045/(0.9185-$E$21/100*$B$9))+1))-1)*100 -> 27.015142 | K27: =VLOOKUP($B$8,'[2]Base dados - TCU 2622_2013'!$A$7:$Y$14,24,) -> 20.97 | L27: =((1+M27/100)*(((0.045/(0.9185-$E$21/100*$B$9))+1))-1)*100 -> 30.438051 | M27: =VLOOKUP($B$8,'[2]Base dados - TCU 2622_2013'!$A$7:$Y$14,25,) -> 24.23
A28: Os valores de BDI acima foram calculados com emprego da fórmula abaixo: | E28: =((1+I27/100)*(((0.045/(0.9185-$E$21/100*$B$9))+1))-1)*100 -> 25.57668 | J28: =((1+K27/100)*(0.9635-$E$21*$B$9/100)/(0.9435-$E$22*$B$9/100)-1)*100 -> 24.797747 | L28: =((1+M27/100)*(0.9635-$E$21*$B$9/100)/(0.9435-$E$22*$B$9/100)-1)*100 -> 28.1609
E29: =((1+I27/100)*(0.9635-$E$21*$B$9/100)/(0.9185-$E$22*$B$9/100)-1)*100 -> 26.84442
A33: Onde:
A34: AC = taxa de rateio da Administração Central;
A35: DF = taxa das despesas financeiras;
A36: R, S, G = taxa de risco, seguro e garantia do empreendimento;
A37: I = taxa de tributos (Onerado: I = COFINS+PIS+ISS / Desonerado: I = COFINS+PIS+ISS+CPRB);
A38: L = taxa de lucro.
A40: =CONCATENATE("Declaro para os devidos fins que, conforme legislação tributária municipal, a base de cálculo do ISS para ",B8," é de ",B9*100,"%, com a respectiva alíquota de ",E21,"%. Declaramos ainda que adotamos orçamento ",IF(B10="SIM","Com Desoneração",IF(B10="NÃO","Sem Desoneração",""))," e que esta é a alternativa mais adequada para a Administração Pública.") -> Declaro para os devidos fins que, conforme legislação tributária municipal, a base de cálculo do ISS para Construção de Rodovias (Pavimentação Urbana) é de 60%, com a respectiva alíquota de 3%. Declaramos ainda que adotamos orçamento Com Desoneração e que esta é a alternativa mais adequada para a Administração Pública.
A45: Profissional: WILSON DIAS DA FONSECA JR. | C45: Resp. Tomador:
A46: CREA: 61.924/D | C46: Cargo:

Sheet BDI-Dados
A1: Sigla S/N
A2: SIM
A3: NÃO
B5: AC | E5: SG | H5: R | K5: DF | N5: L | Q5: COFINS | R5: PIS | S5: ISS | V5: DESON. | W5: LIMITE BDI
A6: Sigla Obras | B6: MÍN | C6: MED | D6: MAX | E6: MÍN | F6: MED | G6: MAX | H6: MÍN | I6: MED | J6: MAX | K6: MÍN | L6: MED | M6: MAX | N6: MÍN | O6: MED | P6: MAX | S6: MÍN | T6: MED | U6: MAX | W6: MÍN | X6: MED | Y6: MAX
A7: Construção de Edifícios e Reformas (Quadras, unidades habitacionais, escolas, restaurantes, etc) | B7: 3 | C7: 4 | D7: 5.5 | E7: 0.8 | F7: 0.8 | G7: 1 | H7: 0.97 | I7: 1.27 | J7: 1.27 | K7: 0.59 | L7: 1.23 | M7: 1.39 | N7: 6.16 | O7: 7.4 | P7: 8.96 | Q7: 3 | R7: 0.65 | S7: 2 | T7: =(S7+U7)/2 -> 3.5 | U7: 5 | V7: 2 | W7: 20.34 | X7: 22.12 | Y7: 25
A8: Construção de Praças | B8: 3.8 | C8: 4.01 | D8: 4.67 | E8: 0.32 | F8: 0.4 | G8: 0.74 | H8: 0.5 | I8: 0.56 | J8: 0.97 | K8: 1.02 | L8: 1.11 | M8: 1.21 | N8: 6.64 | O8: 7.3 | P8: 8.69 | Q8: 3 | R8: 0.65 | S8: 2 | T8: =(S8+U8)/2 -> 3.5 | U8: 5 | V8: 2 | W8: 19.6 | X8: 20.97 | Y8: 24.23
A9: Construção de Rodovias (Pavimentação Urbana) | B9: 3.8 | C9: 4.01 | D9: 4.67 | E9: 0.32 | F9: 0.4 | G9: 0.74 | H9: 0.5 | I9: 0.56 | J9: 0.97 | K9: 1.02 | L9: 1.11 | M9: 1.21 | N9: 6.64 | O9: 7.3 | P9: 8.69 | Q9: 3 | R9: 0.65 | S9: 2 | T9: =(S9+U9)/2 -> 3.5 | U9: 5 | V9: 2 | W9: 19.6 | X9: 20.97 | Y9: 24.23
A10: Construção de Ferrovias | B10: 3.8 | C10: 4.01 | D10: 4.67 | E10: 0.32 | F10: 0.4 | G10: 0.74 | H10: 0.5 | I10: 0.56 | J10: 0.97 | K10: 1.02 | L10: 1.11 | M10: 1.21 | N10: 6.64 | O10: 7.3 | P10: 8.69 | Q10: 3 | R10: 0.65 | S10: 2 | T10: =(S10+U10)/2 -> 3.5 | U10: 5 | V10: 2 | W10: 19.6 | X10: 20.97 | Y10: 24.23
A11: Construção de Redes de Abastecimento de Água, Coleta de Esgoto e Construções Correlatas | B11: 3.43 | C11: 4.93 | D11: 6.71 | E11: 0.28 | F11: 0.49 | G11: 0.75 | H11: 1 | I11: 1.39 | J11: 1.74 | K11: 0.94 | L11: 0.99 | M11: 1.17 | N11: 6.74 | O11: 8.04 | P11: 9.4 | Q11: 3 | R11: 0.65 | S11: 2 | T11: =(S11+U11)/2 -> 3.5 | U11: 5 | V11: 2 | W11: 20.76 | X11: 24.18 | Y11: 26.44
A12: Construção e Manutenção de Estações e Redes de Distribuição de Energia Elétrica | B12: 5.29 | C12: 5.92 | D12: 7.93 | E12: 0.25 | F12: 0.51 | G12: 0.56 | H12: 1 | I12: 1.48 | J12: 1.97 | K12: 1.01 | L12: 1.07 | M12: 1.11 | N12: 8 | O12: 8.31 | P12: 9.51 | Q12: 3 | R12: 0.65 | S12: 2 | T12: =(S12+U12)/2 -> 3.5 | U12: 5 | V12: 2 | W12: 24 | X12: 25.84 | Y12: 27.86
A13: Portuárias, Marítimas e Fluviais | B13: 4 | C13: 5.52 | D13: 7.85 | E13: 0.81 | F13: 1.22 | G13: 1.99 | H13: 1.46 | I13: 2.32 | J13: 3.16 | K13: 0.94 | L13: 1.02 | M13: 1.33 | N13: 7.14 | O13: 8.4 | P13: 10.43 | Q13: 3 | R13: 0.65 | S13: 2 | T13: =(S13+U13)/2 -> 3.5 | U13: 5 | V13: 2 | W13: 22.8 | X13: 27.48 | Y13: 30.95
A14: Fornecimento de Materiais e Equipamentos | B14: 1.5 | C14: 3.45 | D14: 4.49 | E14: 0.3 | F14: 0.48 | G14: 0.82 | H14: 0.56 | I14: 0.85 | J14: 0.89 | K14: 0.85 | L14: 0.85 | M14: 1.11 | N14: 3.5 | O14: 5.11 | P14: 6.22 | Q14: 3 | R14: 0.65 | S14: 2 | T14: =(S14+U14)/2 -> 3.5 | U14: 5 | V14: 2 | W14: 11.1 | X14: 14.02 | Y14: 16.8
